 Dungeon Crawl Stone Soup version bcrawl-1.41.1 (webtiles) character file.

Game seed: 14986991119043039291

15159202 quik the Slayer (level 27, 193/193 HPs)
             Began as an Avariel Summoner on Apr 16, 2024.
             Was a High Priest of Sif Muna.
             Escaped with the Orb
             ... and 5 runes on Apr 22, 2024!
             The game lasted 09:31:13 (83255 turns).

quik the Slayer (Avariel Summoner)                 Turns: 83255, Time: 09:31:14

Health: 193/193    AC: 25    Str: 20    XL:     27
Magic:  54/54      EV: 14    Int: 40    God:    Sif Muna [*****.]
Gold:   4483       SH: 11    Dex: 10    Spells: 2/76 levels left

rFire    + + .     GDR:     31% a - +9 demon trident of Osomm {vamp, *Corrode rC+++ Str+5}
rCold    + + +     SeeInvis .   p - +4 buckler {rC+}
rNeg     + + +     Gourm    .   Y - +5 ring mail of the Hanged Man {rN++ MR+ Dex-5 Stlth+}
rPois    +         Faith    .   H - +2 helmet {Int+3} {Int+3}
rElec    +         Spirit   .   K - +2 cloak of Quarhuak {rElec Int+6 Dex+2 Stlth-}
rCorr    .         Reflect  .   L - +4 pair of gloves of the Sky {*Corrode +Inv rElec rN+++}
MR       +++..     Rnd*Tele +   Q - +2 pair of boots {run} {Speed+}
Stlth    +.........             o - amulet of Wimmip {Rage rPois rC+ Int+4}
HPRegen  0.42/turn              G - ring of fire
MPRegen  0.34/turn              F - ring "Loof" {Fire Int+3}

@: studying Unarmed Combat, deflect missiles, quick
A: deformed body, [dopey 1], [teleportitis 1], able to fly
0: Orb of Zot
}: 5/15 runes: serpentine, barnacled, slimy, silver, abyssal
a: Fly, Divine Energy, Channel Magic, Forget Spell, Moment of Magic, Renounce
Religion, Evoke Berserk Rage, Evoke Invisibility


You escaped.
You worshipped Sif Muna.
Sif Muna was extremely pleased with you.
You were hungry.

You visited 11 branches of the dungeon, and saw 48 of its levels.
You visited the Abyss 1 time.
You also visited: Ossuary, Ice Cave and Wizlab.

You collected 10440 gold pieces.
You spent 5957 gold pieces at shops.


Innate Abilities, Weirdness & Mutations

You can fly continuously.
Armour fits poorly on your strangely shaped body.
[You are dopey. (Int -2)]
[You are occasionally teleported next to monsters.]


   Skills:
 + Level 25.3 Fighting
 - Level 14.0 Polearms
 - Level 10.0 Armour
 - Level 10.0 Dodging
 - Level 10.0 Stealth
 - Level 10.0 Shields
 - Level 25.0 Spellcasting
   Level 2.7 Conjurations
 - Level 4.0 Hexes
 - Level 24.0 Summonings
 - Level 13.0 Necromancy
 - Level 11.0 Translocations
   Level 4.0 Fire Magic
   Level 4.0 Ice Magic
 - Level 6.0 Air Magic
 - Level 8.0 Earth Magic
 - Level 15.0 Invocations
 - Level 13.0 Evocations


You had 2 spell levels left.
You knew the following spells:

 Your Spells              Type           Power        Failure   Level  Hunger
a - Apportation           Tloc           ######       0%          1    None
b - Regeneration          Chrm/Necr      #######...   1%          3    None
c - Borgnjor's Vile Clut  Necr/Erth      #######...   1%          6    None
d - Dragon's Call         Summ           ########..   4%          9    ###....
e - Passwall              Tmut/Erth      ######..     1%          2    None
f - Summon Horrible Thin  Summ           ########..   1%          8    None
g - Malign Gateway        Summ/Tloc      ########..   1%          7    None
h - Haunt                 Necr/Summ      ########..   1%          7    None
l - Summon Lightning Spi  Summ/Air       ########     1%          5    None
r - Deflect Missiles      Chrm/Air       ######....   38%         6    None
s - Shadow Creatures      Summ           N/A          1%          7    None
t - Summon Forest         Summ/Tloc      ########..   1%          5    None
u - Summon Butterflies    Summ           ########     0%          1    None
v - Summon Mana Viper     Hex/Summ       ########     1%          5    None
B - Blink                 Tloc           N/A          0%          2    None

Your spell library contained the following spells:

 Spells                   Type           Power        Failure   Level  Hunger
 Blink Other              Tloc           ######       0%          1    None
 Necrotize                Necr           ######       0%          1    None
 Summon Small Mammal      Summ           ####         0%          1    None
 Call Imp                 Summ           ######       0%          2    None
 Corpse Rot               Necr           N/A          0%          2    None
 Sublimation of Blood     Necr           ########..   0%          2    None
 Corona                   Hex            ######.      1%          1    None
 Flame Tongue             Conj/Fire      #####        1%          1    None
 Freeze                   Ice            ######       1%          1    None
 Infusion                 Chrm           ######..     1%          1    None
 Magic Dart               Conj           ####         1%          1    None
 Sandblast                Erth           ######       1%          1    None
 Slow                     Hex            ######..     1%          1    None
 Static Discharge         Air            ######       1%          1    None
 Sting                    Conj/Pois      ####         1%          1    None
 Ensorcelled Hibernation  Hex/Ice        ######       1%          2    None
 Flaming Arrows           Chrm/Fire      #######.     1%          2    None
 Poisonous Vapours        Pois/Air       ######       1%          2    None
 Searing Ray              Conj           ######..     1%          2    None
 Shock                    Conj/Air       ######.      1%          2    None
 Song of Slaying          Chrm           ######..     1%          2    None
 Swiftness                Chrm/Air       ######..     1%          2    None
 Throw Frost              Conj/Ice       ######       1%          2    None
 Call Canine Familiar     Summ           ########     0%          3    None
 False Image              Hex/Summ       ########     0%          3    None
 Recall                   Summ/Tloc      N/A          0%          3    None
 Vampiric Draining        Necr           ########..   0%          3    None
 Summon Demon             Summ           ########..   0%          5    None
 Aura of Abjuration       Summ           ########..   0%          6    None
 Summon Hydra             Summ           ########..   0%          6    None
 Beckoning                Tloc           #######...   1%          3    None
 Confuse                  Hex            ######..     1%          3    None
 Conjure Flame            Conj/Fire      ########     1%          3    None
 Dazzling Orbs            Conj/Hex       ######.      1%          3    None
 Ignite Poison            Fire/Tmut/Pois #######.     1%          3    None
 Inner Flame              Hex/Fire       N/A          1%          3    None
 Iskenderun's Mystic Bla  Conj           ######..     1%          3    None
 Mephitic Cloud           Conj/Pois/Air  ######..     1%          3    None
 Ozocubu's Armour         Chrm/Ice       ######..     1%          3    None
 Portal Projectile        Tloc           ######       1%          3    None
 Spectral Weapon          Hex/Chrm       ######..     1%          3    None
 Stone Arrow              Conj/Erth      ######       1%          3    None
 Teleport Other           Tloc           #######.     1%          3    None
 Tukima's Dance           Hex            ######..     1%          3    None
 Agony                    Necr           ########     1%          4    None
 Airstrike                Air            #######...   1%          4    None
 Animate Dead             Necr           N/A          1%          4    None
 Cause Fear               Hex            ######....   1%          4    None
 Force Lance              Tloc           #######.     1%          4    None
 Lightning Bolt           Conj/Air       ######..     1%          4    None
 Petrify                  Tmut/Erth      ######....   1%          4    None
 Summon Ice Beast         Ice/Summ       ########     1%          4    None
 Summon Scorpions         Summ/Pois      #######.     1%          4    None
 Bolt of Draining         Conj/Necr      #######...   1%          5    None
 Dispel Undead            Necr           ########     1%          5    None
 Lee's Rapid Deconstruct  Erth           #######...   1%          5    None
 Dispersal                Tloc           #######...   1%          6    None
 Monstrous Menagerie      Summ           ########..   1%          7    None
 Summon Greater Demon     Summ           ########..   1%          7    None
 Spider Form              Tmut/Pois      ###          2%          3    None
 Fulminant Prism          Conj/Hex       ######....   2%          4    None
 Sticky Flame             Conj/Fire      ########     2%          4    None
 Throw Icicle             Conj/Ice       ######..     2%          4    None
 Summon Fire Elementals   Fire/Summ      #########    2%          7    None
 Bolt of Magma            Conj/Fire/Erth ########..   3%          5    None
 Freezing Cloud           Ice/Air        ######..     3%          5    None
 Silence                  Hex/Air        ######....   3%          5    None
 Spellforged Servitor     Conj/Summ      ########..   3%          7    None
 Ice Form                 Ice/Tmut       ######..     4%          4    None
 Tree Form                Hex/Tmut       N/A          4%          4    None
 Yara's Violent Unravell  Hex/Tmut       ######....   4%          4    None
 Metabolic Englaciation   Hex/Ice        ######....   4%          5    None
 Simulacrum               Ice/Necr       #######.     4%          6    None
 Fireball                 Conj/Fire      ########..   6%          5    None
 Olgreb's Toxic Radiance  Pois           ######...    9%          4    None
 Controlled Blink         Tloc           #######.     9%          7    None
 Death Channel            Chrm/Necr      #######...   10%         6    None
 Steam Barrier            Chrm/Fire      #######...   11%         5    None
 Iskenderun's Battlesphe  Conj/Chrm      ######..     14%         5    None
 Venom Bolt               Conj/Pois      ######....   14%         5    None
 Iron Shot                Conj/Erth      #######...   16%         6    None
 Conjure Ball Lightning   Conj/Air       ######....   24%         6    None
 Piercing Shot            Chrm           ######....   26%         5    None
 Darkness                 Hex            ######....   26%         6    None
 Invisibility             Hex            ######..     26%         6    None
 Ozocubu's Refrigeration  Ice            ######....   26%         6    None
 Statue Form              Tmut/Erth      ######...    26%         6    None
 Bolt of Cold             Conj/Ice       ######....   34%         6    None
 Bolt of Fire             Conj/Fire      ########..   34%         6    None
 Blight                   Necr/Pois      #######..    47%         7    None
 Virulence                Hex/Pois       ######..     52%         6    None
 Infestation              Hex/Tmut/Pois  ######...    63%         6    None
 Poison Arrow             Conj/Pois      ######....   63%         6    None
 Tornado                  Tloc/Air       #######...   88%         8    None
 Icicle Burst             Conj/Ice       ######....   89%         7    None
 Mana Rupture             Conj/Hex       ######....   89%         7    None
 Orb of Destruction       Conj           ######....   94%         7    None
 Necromutation            Tmut/Necr      #######.     99%         8    None
 Time Stop                Chrm/Tloc      N/A          99%         8    None
 Dragon Form              Tmut           ######.      100%        7    None
 Scorpion Form            Tmut/Pois      ######....   100%        7    None
 Chain Lightning          Conj/Air       ######....   100%        8    None
 Glaciate                 Conj/Ice/Air   ######....   100%        8    None
 Lehudib's Crystal Spear  Conj/Erth      #######...   100%        8    None
 Fire Storm               Fire           ########..   100%        9    ###....
 Shatter                  Erth           #######...   100%        9    ###....
 Passage of Golubria      Tloc           Unusable     N/A         5    N/A

Inventory:

Hand Weapons
 a - the +9 demon trident of Osomm (weapon) {vamp, *Corrode rC+++ Str+5}
   (You found it in an ice cave)

   It inflicts no extra harm, but heals its wielder when it wounds a living foe.
   It affects your strength (+5).
   It renders you almost immune to cold.
   It may corrode you when you take damage.
Missiles
 V - 3 throwing nets {=f!f}
Armour
 p - a +4 buckler of cold resistance (worn)
 H - a +2 helmet of intelligence (worn) {Int+3}
 K - the +2 cloak of Quarhuak (worn) {rElec Int+6 Dex+2 Stlth-}
   (You found it on level 3 of the Vaults)

   It affects your intelligence (+6).
   It affects your dexterity (+2).
   It insulates you from electricity.
   It makes you less stealthy.
 L - the +4 pair of gloves of the Sky (worn) {*Corrode +Inv rElec rN+++}
   (You found it on level 5 of the Pits of Slime)

   It insulates you from electricity.
   It renders you almost immune to negative energy.
   It lets you turn invisible.
   It may corrode you when you take damage.
 Q - a +2 pair of boots of running (worn) {Speed+}
 Y - the +5 ring mail of the Hanged Man (worn) {rN++ MR+ Dex-5 Stlth+}
   (You found it on level 11 of the Dungeon)

   It affects your dexterity (-5).
   It greatly protects you from negative energy.
   It affects your resistance to hostile enchantments.
   It makes you more stealthy.
Jewellery
 m - an uncursed ring of protection from magic
 o - the amulet of Wimmip (around neck) {Rage rPois rC+ Int+4}
   (You took it off a spriggan air mage on level 3 of the Depths)

   [amulet of rage]

   It affects your intelligence (+4).
   It protects you from cold.
   It protects you from poison.
 C - an uncursed ring of resist corrosion
 F - the ring "Loof" (right hand) {Fire Int+3}
   (You found it on level 5 of the Pits of Slime)

   [ring of fire]

   It enhances your fire magic.
   It affects your intelligence (+3).
   It protects you from fire.
   It makes you vulnerable to cold.
 G - a ring of fire (left hand)
 S - an uncursed ring of see invisible
Wands
 k - a wand of iceblast (14)
 v - a wand of clouds (3)
 z - a wand of acid (18)
 A - a wand of paralysis (50)
 D - a wand of digging (41)
 U - a wand of charming (11)
 W - a wand of scattershot (6)
 Z - a wand of polymorph (65)
Scrolls
 c - a scroll of summoning {!r}
 g - 8 scrolls of fear {!r}
 t - 19 scrolls of teleportation
 x - 4 scrolls of fog
 B - 11 scrolls of blinking {!r}
 J - 8 scrolls of immolation {!r}
 N - 8 scrolls of vulnerability {!r!r}
 P - a scroll of revelation {!r}
 R - 11 scrolls of noise {!r}
Potions
 d - 11 potions of might {!q}
 f - 6 potions of brilliance {!q}
 h - a potion of haste {!q}
 j - 5 potions of ambrosia {!q}
 l - 5 potions of heal wounds {!q@q1}
 n - 8 potions of resistance {!q}
 q - 30 potions of curing {@q2}
 r - 8 potions of lignification {!q!q}
 s - 5 potions of cancellation {!q}
 u - 11 potions of mutation {!q!q}
 y - 14 potions of flight {!q}
 E - 2 potions of magic {!q}
 I - 7 potions of agility {!q}
Miscellaneous
 b - a fan of gales (inert)
 i - 2 boxes of beasts
 w - a lightning rod (4/4)
 M - a lamp of fire
 O - a phial of floods
 T - 3 phantom mirrors
 X - a sack of spiders
Comestibles
 e - 35 rations {!d}

Dungeon Overview and Level Annotations

Branches:
Dungeon (12/12)            Temple (0/1) D:7            Lair (6/6) D:9
 Shoals (3/3) Lair:2        Snake (3/3) Lair:3        Slime (5/5) Orc
    Orc (1/1) D:8             Elf (3/3) Lair:6       Vaults (3/3) D:12
  Crypt (2/2) Vaults:1       Tomb (0/3) Crypt:2      Depths (5/5) D:12
    Zot (5/5) Depths:5

Altars:
Ashenzari
Elyvilon
Fedhas
Kikubaaqudgha
Lugonu
Makhleb
Sif Muna
Vehumet
Wu Jian
Xom
Yredelemnul
The Shining One
Jiyva

Shops:
D:5 (   D:6 *   D:8 =   D:12 (([   Orc *}*(   Shoals:1 %   Vaults:1 (
Vaults:2 [   Depths:1 !=

Portals:
Hell: Depths:1 Depths:2 Depths:3 Depths:4 Depths:5
Abyss: Slime:1 Depths:1 Depths:3 Depths:4 Depths:5
Pandemonium: Depths:2 Depths:3
Ziggurat: Depths:2

# ##.####.###.## #..#
######...##..##...## #..#
..........#'#......# ##..##
.#####...##.###....# #....#
## ##>##...#####.# #....#
#######..#...###.###
#..รท.#
......#.#.....#...#####.###
#####.#.#.....#...#.....#
#.#.#.....'G@.#####.#
#.#.#.....#.r.# #.#
#.#.#.....#...# #.#
#.#.##...#.#.### #.#
#.####...#####.# #.# #.#
##.## ##.# #.# #.# #'# #..#
#.#### #.#####.# #.##
#....# #.......# #5# ####.#


You could see an eye of draining and a rat.


Message History

You climb upwards.
There is a stone staircase leading down here.
(D) Dungeon (T) Temple (L) Lair (A) Shoals (P) Snake Pit (M) Slime Pits (O) Orcish Mines (E) Elven Halls (V) Vaults (C) Crypt (W) Tomb (U) Depths (H) Hell (Z) Zot
Where to? (Enter - D:1 @ (x,y), ? - help)
You use a rune to identify the item.
You see here a +0 falchion.
There is a stone staircase leading up here.
You climb upwards.
There is a stone staircase leading down here.
There is a stone staircase leading up here.
You climb upwards.
There is a stone staircase leading down here.
A green death comes into view.
The green death moves out of view.
There is a stone staircase leading down here.
Please select a direction to dig.
This square is covered in magical glow.
The rock shatters into small pieces.
A rat and an eye of draining come into view.
There are monsters nearby!
The rat moves out of view.
There is an open door here.
You are feeling hungry.
There is a staircase leading out of the dungeon here.
You can't go down here!
The power of the Orb breaks the dimensional shunt like a soap bubble!
You have escaped!

Skill      XL: |  1  2  3  4  5  6  7  8  9 10 11 12 13 14 15 16 17 18 19 20 21 22 23 24 25 26 27 |
---------------+----------------------------------------------------------------------------------+-----
Fighting       | 1 2 4 5 6 8 10 12 15 16 17 25 | 25.3
Spellcasting   | 3 4 5 6 8 12 14 16 17 18 19 22 23 24 25 | 25.0
Summonings     | 5 6 7 11 12 16 17 18 19 20 21 23 24 | 24.0
Ice Magic      | 2 4 |  4.0
Air Magic      | 4 6 |  6.0
Invocations    | 6 9 12 15 | 15.0
Shields        | 4 7 10 | 10.0
Translocations | 1 4 10 11 | 11.0
Hexes          | 3 4 |  4.0
Dodging        | 5 10 | 10.0
Conjurations   | 2 |  2.7
Armour         | 5 7 8 10 | 10.0
Stealth        | 3 6 10 | 10.0
Evocations     | 2 7 11 12 13 | 13.0
Polearms       | 10 14 | 14.0
Fire Magic     | 4 |  4.0
Necromancy     | 13 | 13.0
Earth Magic    | 8 |  8.0

Action                   |  1- 3 |  4- 6 |  7- 9 | 10-12 | 13-15 | 16-18 | 19-21 | 22-24 | 25-27 || total
-------------------------+-------+-------+-------+-------+-------+-------+-------+-------+-------++-------
Melee: Unarmed           |     8 |       |       |       |       |       |       |       |       ||     8
       Dagger            |    51 |    41 |   112 |       |     7 |     3 |     3 |       |       ||   217
       Hand axe          |       |       |       |    34 |     4 |       |       |       |       ||    38
       Demon trident     |       |       |       |       |       |       |   212 |   503 |   967 ||  1682
Throw: Stone             |     7 |     2 |       |       |       |       |       |       |       ||     9
       Tomahawk          |       |     9 |     2 |     2 |     6 |    12 |    10 |    16 |     5 ||    62
       Throwing net      |       |       |       |       |       |       |     2 |     1 |       ||     3
 Cast: Summon Small Mamm |    20 |    13 |     3 |       |       |       |       |       |       ||    36
       Call Imp          |    15 |    20 |    23 |    18 |    11 |       |       |       |       ||    87
       Call Canine Famil |     3 |    11 |    16 |    12 |     5 |       |       |       |       ||    47
       Summon Ice Beast  |       |     6 |    91 |   133 |    73 |       |       |       |       ||   303
       Summon Lightning  |       |       |    26 |    70 |   133 |    72 |   114 |    33 |    35 ||   483
       Summon Forest     |       |       |       |    40 |    80 |   110 |    99 |    80 |    81 ||   490
       Summon Mana Viper |       |       |       |    88 |    88 |    21 |    18 |     4 |    24 ||   243
       Monstrous Menager |       |       |       |       |   191 |   165 |   106 |    34 |    33 ||   529
       Shadow Creatures  |       |       |       |       |    22 |   274 |   372 |   319 |   326 ||  1313
       Summon Hydra      |       |       |       |       |     6 |     5 |     7 |       |       ||    18
       Summon Horrible T |       |       |       |       |       |     6 |     8 |    10 |    54 ||    78
       Deflect Missiles  |       |       |       |       |       |       |     1 |       |     2 ||     3
       Malign Gateway    |       |       |       |       |       |       |    13 |    32 |   114 ||   159
       Blink             |       |       |       |       |       |       |       |     3 |     4 ||     7
       Passage of Golubr |       |       |       |       |       |       |       |       |    17 ||    17
       Dragon's Call     |       |       |       |       |       |       |       |       |    48 ||    48
       Song of Slaying   |       |       |       |       |       |       |       |       |     1 ||     1
       Regeneration      |       |       |       |       |       |       |       |       |    33 ||    33
       Summon Fire Eleme |       |       |       |       |       |       |       |       |     4 ||     4
       Haunt             |       |       |       |       |       |       |       |       |    66 ||    66
       Borgnjor's Vile C |       |       |       |       |       |       |       |       |    11 ||    11
       Apportation       |       |       |       |       |       |       |       |       |     2 ||     2
Invok: Channel Magic     |       |       |     1 |     5 |     8 |    23 |    29 |    16 |    81 ||   163
       Moment of Magic   |       |       |       |       |     1 |     6 |     6 |     7 |    11 ||    31
       Forget Spell      |       |       |       |       |       |       |     1 |       |     4 ||     5
 Abil: Stop Flying       |       |       |       |       |     1 |       |     3 |     4 |     3 ||    11
       Fly               |       |       |       |       |     1 |       |     3 |     4 |     2 ||    10
       Evoke Invisibilit |       |       |       |       |       |     5 |       |     3 |    17 ||    25
Evoke: Wand              |       |       |       |       |    10 |     4 |     8 |     2 |    18 ||    42
       Fan of gales      |       |       |       |       |     1 |       |     2 |       |     7 ||    10
       Lightning rod     |       |       |       |       |       |       |       |     4 |       ||     4
       Phantom mirror    |       |       |       |       |       |       |       |     1 |     1 ||     2
       Lamp of fire      |       |       |       |       |       |       |       |       |     2 ||     2
       Box of beasts     |       |       |       |       |       |       |       |       |     1 ||     1
       Sack of spiders   |       |       |       |       |       |       |       |       |     1 ||     1
  Use: Scroll            |     1 |     2 |    10 |     2 |    13 |     5 |     3 |     3 |    23 ||    62
       Potion            |       |       |       |     2 |       |       |     1 |     2 |    15 ||    20
 Stab: Sleeping          |     5 |     2 |     4 |       |     1 |       |     3 |     3 |     9 ||    27
       Distracted        |     1 |       |     1 |       |       |       |     8 |    15 |    15 ||    40
       Paralysed         |       |       |       |       |       |       |       |     3 |     1 ||     4
       Invisible         |       |       |       |       |       |       |       |     2 |    22 ||    24
       Confused          |       |       |       |       |       |       |       |       |     1 ||     1
  Eat: Chunk             |     5 |    10 |    23 |    32 |    79 |    50 |    78 |    50 |    47 ||   374
       Ration            |       |       |     3 |       |     4 |    16 |     9 |     8 |    27 ||    67
Armor: Robe              |    12 |    16 |    35 |    20 |    14 |       |       |       |       ||    97
       Ring mail         |       |       |       |       |     8 |    63 |    54 |    69 |   208 ||   402
Dodge: Dodged            |    33 |    39 |    73 |    57 |    53 |    74 |    81 |    93 |   280 ||   783
       Deflected         |       |       |       |       |       |       |    40 |    41 |   101 ||   182
Block: Buckler           |       |       |     2 |    20 |    14 |    48 |    50 |    67 |   248 ||   449
       Reflection        |       |       |       |       |       |       |     9 |     1 |       ||    10

Levels and vault maps discovered:
D:1:      minmay_arrival_shattered_statue, layout_loops_ring
D:2:      layout_loops_ring, lemuel_zombie_altar_yredelemnul, first_ration
D:3:      layout_basic, lemuel_tele_altar, uniq_crazy_yiuf_cottage
D:4:      layout_cave_pools, nicolae_wu_jian_immortal_techniques,
          nicolae_tso_swordbearing_angel, uniq_pikel, uniq_sigmund, uniq_robin
D:5:      layout_loops_ring, serial_shops, shop, enter_ossuary_2, bloody_makhleb
D:6:      layout_loops_corners, serial_shops, shop, elyvilon_altar_3,
          uniq_grinder, uniq_duvessa, uniq_edmund, uniq_menkaure
D:7:      layout_basic, temple_hall, grunt_livestock, grunt_decor_resistance
D:8:      layout_cave_pools, lemuel_crystal_altar, bhauth_orc_berserkers,
          serial_shops, nicolae_shop_crystal, serial_glass, glass_columns_b,
          glass_columns_a, uniq_erica
D:9:      layout_rooms, erik_lair_dragon, amethyst_killhole
D:10:     lemuel_bear_cage, layout_small_grid, chequers_big_river,
          hangedman_incinerator
D:11:     layout_loops_ring, nicolae_two_hexagons, minmay_evil_grid
D:12:     gammafunk_depths_entry_grave, layout_stronghold,
          grunt_vaults_entry_fortified, fedhas_altar_3, serial_shops, shop,
          shop, nicolae_shop_stone
Lair:1:   layout_cave_pods, minmay_lair_oklob_chamber, grunt_megastairs_3,
          lemuel_fruit_tree, serial_bayou_shore_a, infiniplex_staircase_pool
Lair:2:   layout_roguey, bhauth_shoals_entry_angry_harpies, serial_rivers,
          chequers_serial_rivers_marsh, chequers_serial_rivers_micro_a,
          chequers_serial_rivers_micro_c, chequers_serial_rivers_large_b,
          st_stairs_6, patterned_corridor, uniq_fannar
Lair:3:   lemuel_reptile_caves, layout_long_grid, guppyfry_snake_entry_garden,
          chequers_serial_rivers_small_a, uniq_grum
Lair:4:   dragon1_lemuel, layout_small_grid, uniq_nergalle
Lair:5:   layout_loops_ring, nzn_random_ring
Lair:6:   evilmike_catoblepas_cave, layout_concentric_octagons,
          chequers_serial_rivers_marsh
Shoals:1: layout_shoals, serial_shops, shop
Shoals:2: layout_shoals, gammafunk_ghost_split, portal_ice_cave_entry_pillars_1,
          uniq_frances
Shoals:3: shoals_end_simple, layout_shoals, shoals_ilsuiw_ice,
          nicolae_shoals_lost_giant_temple
Snake:1:  layout_basic, basic_altar, uniq_azrael, uniq_aizul
Snake:2:  layout_rooms, nicolae_snake_magic_snake_eye, serial_bayou_shore_b
Snake:3:  johnstein_snake_rune_scales, layout_chambers, serial_bayou_shore_b
Slime:1:  layout_slime_grid, amcnicky_altar_lugonu_corruption
Slime:2:  nicolae_slime_infinislime, layout_slime_grid
Slime:3:  layout_slime_grid
Slime:4:  layout_slime_grid, cheibrodos_slime_lost_civilization_5
Slime:5:  slime_pit_nicolae_jellycorners
Orc:      st_orc_rangers, layout_caves, minmay_slime_entry_eyes, serial_shops,
          nicolae_shop_stone, uniq_jorgrun
Elf:1:    eino_elf_arrival_shootout, layout_loops_corners, orc_legates
Elf:2:    elven_hall_of_blades_hangedman_original [nicolae_blade_little_rooms],
          layout_loops_cross
Elf:3:    minmay_elf_hall_spiked, layout_gridlike, nicolae_elf_v_pinch
Vaults:1: hangedman_vaults_locks, nicolae_vaults_hallways_thing,
          grunt_vaults_twisty, nicolae_vaults_little_squares_1,
          nicolae_vaults_angled_halls, vaults_mumra_minichess,
          vaults_dpeg_hooks, ontoclasm_vaults_shuriken,
          minmay_crypt_entry_skeletal_spiral, nicolae_vaults_network_quinsquares
          [nicolae_vaults_network_quincunx_subvault,
          nicolae_vaults_network_quincunx_subvault,
          nicolae_vaults_network_quincunx_subvault,
          nicolae_vaults_network_quincunx_subvault], v_misc_8,
          ontoclasm_vaults_chip, v_misc_3, nicolae_vaults_little_squares_2,
          layout_vaults_omnibox, serial_shops, nicolae_shop_overgrown_old_shop
Vaults:2: ontoclasm_vaults_gateway, nicolae_vaults_triangles, v_misc_17,
          nicolae_vaults_network_periphery, st_lattice, vaults_room_fancy_cross,
          layout_vaults_quadrants, serial_shops, shop
Vaults:3: uniq_asterion, uniq_mennas
Crypt:1:  layout_regular_city, uniq_sojobo
Crypt:2:  lightli_unholy_cathedral, layout_chaotic_city,
          nicolae_tomb_entry_unfolded_pyramid_orthogonal, due_unseen_surprise
Depths:1: layout_cave_pools, ashenzari_altar_1, serial_shops, shop_statue, shop,
          hell_entry, abyss_entry, grunt_decor_one_mirror, minivault_22,
          hangedman_decor_push, minmay_misc_feat_tiny, kennysheep_dice
Depths:2: giant_chief_lemuel, layout_honeycomb, enter_ziggurat_c,
          infiniplex_enter_wizlab_water, chequers_serial_rivers_small_a,
          hell_entry, pan_entry, grunt_ministairs_14, minmay_serpent_palace
Depths:3: minmay_the_grid_triangle_9x9_rhombus_thin_mashed
          [minmay_the_grid_triangle_9x9_corruption,
          minmay_the_grid_triangle_9x9_prize_top_heavy,
          minmay_the_grid_triangle_9x9_minimal,
          minmay_the_grid_triangle_9x9_dagger], layout_basic, ebering_ghost_xom,
          nicolae_twisting_strands, hell_entry, abyss_entry,
          rand_demon_pan_entry_9, minmay_staircase_statues
Depths:4: kennysheep_water_balloons, layout_cave_pools, abyss_entry, hell_entry
Depths:5: grunt_zot_entry_hairpin, layout_basic, abyss_entry, special_room
          [special_room_morgue], grunt_mini_vestibule, dk_noncrumbling_4,
          interstate_on_off, serial_sigils_hangedman_gut
Zot:1:    layout_cathedral_of_symmetry, hangedman_zot_wheel_spokes,
          grunt_megastairs_4
Zot:2:    layout_basic, hangedman_zot_decor_slant
Zot:3:    hangedman_zot_vaults_quadrants, layout_cathedral_of_symmetry
Zot:4:    layout_misc_corridors, uniq_xtahua
Zot:5:    layout_misc_corridors, ebering_ghost_rock_garden

Notes
Turn   | Place    | Note
-------+----------+-------------------------------------------
     0 | D:1      | quik the Avariel Summoner began the quest for the Orb.
     0 | D:1      | Reached XP level 1. HP: 10/10 MP: 6/6
    89 | D:1      | Reached skill level 1 in Fighting
   141 | D:1      | Reached XP level 2. HP: 16/16 MP: 5/7
   144 | D:1      | Learned a level 2 spell: Call Imp
   453 | D:1      | Reached skill level 2 in Fighting
   642 | D:1      | Reached skill level 3 in Spellcasting
   908 | D:2      | Reached XP level 3. HP: 17/21 MP: 4/9
   961 | D:2      | Identified a scroll of identify
   963 | D:2      | Identified 2 potions of flight
  1269 | D:2      | Reached skill level 4 in Spellcasting
  1273 | D:2      | Learned a level 3 spell: Call Canine Familiar
  1490 | D:2      | Reached XP level 4. HP: 26/26 MP: 3/12
  1748 | D:2      | Found a basalt altar of Yredelemnul.
  1838 | D:3      | Identified 3 scrolls of teleportation
  1988 | D:3      | Reached skill level 5 in Spellcasting
  2031 | D:3      | Reached skill level 5 in Summonings
  2036 | D:3      | Learned a level 4 spell: Summon Ice Beast
  2202 | D:3      | Reached XP level 5. HP: 30/30 MP: 11/14
  2237 | D:3      | Found a shimmering blue altar of Sif Muna.
  2251 | D:3      | Became a worshipper of Sif Muna the Loreminder
  2484 | D:3      | Noticed an ice beast
  2513 | D:3      | Killed an ice beast
  2514 | D:3      | Reached skill level 6 in Summonings
  2514 | D:3      | Reached skill level 1 in Ice Magic
  2684 | D:3      | Found a runed door.
  2738 | D:3      | Reached skill level 2 in Ice Magic
  2823 | D:3      | Noticed Crazy Yiuf
  2828 | D:3      | Killed Crazy Yiuf
  2829 | D:3      | Reached XP level 6. HP: 35/35 MP: 7/15
  2888 | D:4      | Noticed a slave
  2888 | D:4      | Noticed a slave
  2889 | D:4      | Identified 2 scrolls of revelation
  2889 | D:4      | Noticed Pikel
  2890 | D:4      | Noticed a slave
  2890 | D:4      | Noticed a slave
  2904 | D:4      | Noticed an ice beast
  2915 | D:4      | Noticed a sky beast
  2976 | D:4      | Killed a sky beast
  2977 | D:4      | Reached * piety under Sif Muna
  2977 | D:4      | Reached skill level 3 in Ice Magic
  2983 | D:4      | Reached skill level 4 in Ice Magic
  3060 | D:4      | Killed an ice beast
  3061 | D:4      | Identified Sif Muna's Disquisition on Twisted Boosts (Sif
                  | Muna gifted it to you on level 4 of the Dungeon)
  3061 | D:4      | Received a gift from Sif Muna
  3061 | D:4      | Reached skill level 6 in Spellcasting
  3061 | D:4      | Reached XP level 7. HP: 18/40 MP: 2/18
  3083 | D:4      | Noticed Sigmund
  3157 | D:4      | Killed Sigmund
  3158 | D:4      | Reached skill level 7 in Spellcasting
  3215 | D:4      | Killed Pikel
  3216 | D:4      | Reached ** piety under Sif Muna
  3216 | D:4      | Reached skill level 8 in Spellcasting
  3216 | D:4      | Reached skill level 3 in Fighting
  3216 | D:4      | Reached skill level 4 in Fighting
  3216 | D:4      | Reached XP level 8. HP: 48/48 MP: 3/22
  3222 | D:4      | Learned a level 5 spell: Summon Lightning Spire
  3289 | D:4      | Killed Robin
  3411 | D:4      | Reached skill level 5 in Fighting
  3411 | D:4      | Reached skill level 1 in Air Magic
  3416 | D:4      | Reached skill level 2 in Air Magic
  3466 | D:4      | Identified a potion of curing
  3569 | D:4      | Found a glowing golden altar of the Shining One.
  3738 | D:4      | Found an ornate altar of the Wu Jian Council.
  3868 | D:5      | Entered Level 5 of the Dungeon
  3869 | D:5      | Found Lelu's Antique Weapon Shop.
  3894 | D:5      | Found a sand-covered staircase.
  3899 | Ossuary  | Entered an ossuary
  3949 | Ossuary  | Reached skill level 3 in Air Magic
  4167 | Ossuary  | Reached skill level 4 in Air Magic
  4313 | Ossuary  | Identified a potion of lignification
  4427 | D:5      | Found a burning altar of Makhleb.
  4442 | D:5      | Reached *** piety under Sif Muna
  4484 | D:5      | Reached skill level 7 in Summonings
  4574 | D:5      | Identified a potion of cancellation
  4716 | D:5      | Identified a potion of invisibility
  4886 | D:5      | Gained mutation: You can fly continuously. [Avariel growth]
  4886 | D:5      | Reached XP level 9. HP: 54/54 MP: 7/23
  5190 | D:6      | Identified 4 scrolls of enchant armour
  5191 | D:6      | Identified 2 scrolls of remove curse
  5192 | D:6      | Identified a ring of evasion (You found it on level 3 of
                  | the Dungeon)
  5205 | D:6      | Noticed Grinder
  5238 | D:6      | Killed Grinder
  5239 | D:6      | Reached skill level 6 in Fighting
  5239 | D:6      | Reached skill level 2 in Invocations
  5359 | D:6      | Reached skill level 3 in Invocations
  5371 | D:6      | Found a white marble altar of Elyvilon.
  5460 | D:6      | Noticed Edmund
  5473 | D:6      | Killed Edmund
  5474 | D:6      | Reached skill level 4 in Invocations
  5529 | D:6      | Noticed Menkaure
  5561 | D:6      | Killed Menkaure
  5611 | D:6      | Found Xikyn's General Store.
  5619 | D:6      | Bought 3 scrolls of blinking for 270 gold pieces
  5619 | D:6      | Bought a +0 buckler for 54 gold pieces
  5715 | D:6      | Reached skill level 5 in Invocations
  5792 | D:6      | Noticed Duvessa
  5792 | D:6      | Noticed Dowan
  5800 | D:6      | Killed Duvessa
  5801 | D:6      | Killed Dowan
  5874 | D:6      | Identified a ring of wizardry (You found it on level 6 of
                  | the Dungeon)
  5885 | D:6      | Reached skill level 6 in Invocations
  5935 | D:6      | Reached skill level 1 in Shields
  6047 | D:6      | Reached skill level 2 in Shields
  6147 | D:6      | Learned a level 1 spell: Summon Butterflies
  6149 | D:6      | Learned a level 1 spell: Apportation
  6249 | D:6      | Learned a level 3 spell: Conjure Flame
  6348 | D:7      | Identified 2 scrolls of amnesia
  6355 | D:7      | Learned a level 5 spell: Summon Forest
  6355 | D:7      | Identified 2 scrolls of enchant weapon
  6407 | D:7      | Reached skill level 3 in Shields
  6512 | D:7      | Identified 3 potions of might
  6558 | D:7      | Reached skill level 4 in Shields
  6567 | D:7      | Reached skill level 1 in Translocations
  6671 | D:7      | Reached XP level 10. HP: 60/60 MP: 1/24
  6699 | D:7      | Reached skill level 2 in Translocations
  6759 | D:7      | Got a brightly glowing hand axe
  6760 | D:7      | Identified the +2 hand axe "Z" {drain, rPois rN++ Str-5}
                  | (You found it on level 7 of the Dungeon)
  6856 | D:7      | Identified 2 potions of mutation
  6924 | D:7      | Reached skill level 3 in Translocations
  6927 | D:7      | Reached **** piety under Sif Muna
  6928 | D:7      | Reached skill level 4 in Translocations
  6951 | D:7      | Identified Sif Muna's Volume of Dark Magic and the Escort
                  | (Sif Muna gifted it to you on level 7 of the Dungeon)
  6951 | D:7      | Received a gift from Sif Muna
  7017 | D:7      | Reached skill level 9 in Spellcasting
  7112 | D:7      | Found a staircase to the Ecumenical Temple.
  7314 | D:8      | Found Gazinat's Jewellery Boutique.
  7367 | D:8      | Found a shimmering altar of Xom.
  7387 | D:8      | Reached ***** piety under Sif Muna
  7387 | D:8      | Reached skill level 10 in Spellcasting
  7447 | D:8      | Noticed a red ugly thing
  7594 | D:8      | Noticed Erica
  7607 | D:8      | Reached skill level 11 in Spellcasting
  7611 | D:8      | Killed Erica
  7740 | D:8      | Learned a level 5 spell: Summon Mana Viper
  7758 | D:8      | Got a twisted leather armour
  7836 | D:7      | Identified the +1 leather armour of the Demon Prince
                  | {*Corrode Str+8 Int+2 Stlth+} (You found it on level 8 of
                  | the Dungeon)
  7864 | D:8      | Killed a red ugly thing
  7865 | D:8      | Reached skill level 12 in Spellcasting
  7865 | D:8      | Reached skill level 3 in Hexes
  7865 | D:8      | Reached XP level 11. HP: 64/64 MP: 11/29
  7955 | D:8      | Found a staircase to the Orcish Mines.
  7972 | D:8      | Reached skill level 4 in Hexes
  8227 | D:9      | Identified Sif Muna's Collected Works on Ice and
                  | Weightlessness (Sif Muna gifted it to you on level 9 of the
                  | Dungeon)
  8227 | D:9      | Received a gift from Sif Muna
  8380 | D:9      | Identified a potion of haste
  8493 | D:9      | Noticed a deep elf mage
  8497 | D:9      | Reached skill level 13 in Spellcasting
  8501 | D:9      | Killed a deep elf mage
  8502 | D:9      | Reached ****** piety under Sif Muna
  9003 | D:9      | Noticed an orc knight
  9013 | D:9      | Killed an orc knight
  9204 | D:9      | Reached skill level 14 in Spellcasting
  9280 | D:9      | Found a staircase to the Lair.
  9406 | Lair:1   | Entered Level 1 of the Lair of Beasts
  9426 | Lair:1   | Reached skill level 7 in Invocations
  9449 | Lair:1   | Noticed a four-headed hydra
  9461 | Lair:1   | Killed a four-headed hydra
  9462 | Lair:1   | Reached skill level 8 in Invocations
  9745 | Lair:1   | Reached skill level 9 in Invocations
  9745 | Lair:1   | Reached XP level 12. HP: 70/70 MP: 9/32
 10026 | Lair:1   | Reached skill level 10 in Invocations
 10695 | Lair:2   | Got a sheer robe
 10742 | Lair:2   | Identified the +1 robe of Precision Catastrophes {Dex+7}
                  | (You found it on level 2 of the Lair of Beasts)
 10768 | Lair:2   | Noticed Fannar
 11094 | Lair:2   | Killed Fannar
 11095 | Lair:2   | Reached skill level 11 in Invocations
 11452 | Lair:2   | Found a runed door.
 11509 | Lair:2   | Reached skill level 12 in Invocations
 11576 | Lair:2   | Found a staircase to the Shoals.
 12196 | Lair:2   | Reached skill level 7 in Fighting
 12293 | Lair:3   | Reached skill level 8 in Fighting
 12662 | Lair:3   | Identified a ring of intelligence (You found it on level 3
                  | of the Lair of Beasts)
 12886 | Lair:3   | Reached XP level 13. HP: 80/80 MP: 33/33
 12907 | Lair:3   | Noticed Grum
 12922 | Lair:3   | Killed Grum
 12924 | Lair:3   | Reached skill level 9 in Fighting
 12934 | Lair:3   | Reached skill level 3 in Dodging
 13002 | Lair:3   | Identified a ring of magical power (You found it on level 3
                  | of the Lair of Beasts)
 13169 | Lair:3   | Reached skill level 4 in Dodging
 13239 | Lair:3   | Found a staircase to the Snake Pit.
 13386 | Lair:3   | Reached skill level 5 in Dodging
 14111 | Lair:4   | Identified Sif Muna's Handbook of Unholy Beguiling (Sif
                  | Muna gifted it to you on level 4 of the Lair of Beasts)
 14111 | Lair:4   | Received a gift from Sif Muna
 14177 | Lair:4   | Identified a potion of degeneration
 14482 | Lair:4   | Reached skill level 10 in Fighting
 14482 | Lair:4   | Reached skill level 1 in Conjurations
 14482 | Lair:4   | Reached skill level 2 in Conjurations
 14504 | Lair:4   | Identified a ring of flight (You found it on level 4 of the
                  | Lair of Beasts)
 14558 | Lair:4   | Noticed an ice dragon
 14573 | Lair:4   | Killed an ice dragon
 14760 | Lair:4   | Noticed Nergalle
 14771 | Lair:4   | Killed Nergalle
 14772 | Lair:4   | Reached skill level 8 in Summonings
 15395 | Lair:5   | Reached skill level 9 in Summonings
 15478 | Lair:5   | Reached skill level 10 in Summonings
 15754 | Lair:5   | Reached skill level 11 in Summonings
 16367 | Lair:6   | Entered Level 6 of the Lair of Beasts
 16633 | Lair:6   | Reached XP level 14. HP: 58/88 MP: 19/34
 16638 | Lair:6   | Reached skill level 11 in Fighting
 16862 | Lair:6   | Identified Sif Muna's Grimoire of the Creative Traveller
                  | (Sif Muna gifted it to you on level 6 of the Lair of
                  | Beasts)
 16862 | Lair:6   | Received a gift from Sif Muna
 16939 | Lair:6   | Learned a level 6 spell: Summon Hydra
 16949 | Lair:6   | Learned a level 7 spell: Monstrous Menagerie
 16971 | Lair:6   | Reached skill level 12 in Fighting
 17042 | Lair:6   | Identified a potion of magic
 17131 | Lair:6   | Learned a level 7 spell: Shadow Creatures
 17345 | Lair:6   | Found a staircase to the Elven Halls.
 17359 | Lair:6   | Identified a potion of ambrosia
 17695 | Lair:6   | Reached skill level 15 in Spellcasting
 18171 | Lair:6   | Reached skill level 16 in Spellcasting
 18572 | Lair:6   | Got a polished dagger
 18577 | Lair:6   | Identified the cursed +1 dagger of Offence {flame, rPois
                  | MR+ Str+3} (You found it on level 6 of the Lair of Beasts)
 18852 | D:10     | Entered Level 10 of the Dungeon
 19138 | D:10     | Found a huge runed gate.
 19138 | D:10     | Found a huge runed gate.
 19613 | D:10     | Identified 4 potions of agility
 19747 | D:10     | Found a huge runed gate.
 19747 | D:10     | Found a huge runed gate.
 19892 | D:10     | Reached skill level 12 in Summonings
 20075 | D:10     | Identified Anuc's Volume of the Boosting Volcanoes (Sif
                  | Muna gifted it to you on level 10 of the Dungeon)
 20075 | D:10     | Received a gift from Sif Muna
 20081 | D:10     | Reached XP level 15. HP: 68/96 MP: 14/37
 20567 | D:10     | Reached skill level 13 in Summonings
 20667 | D:11     | Learned a level 8 spell: Summon Horrible Things
 20732 | D:11     | Noticed a frost giant
 20801 | D:11     | Killed a frost giant
 20809 | D:11     | Got a buzzing ring mail
 20812 | D:11     | Got a scorched ring mail
 20826 | D:11     | Identified the +1 ring mail of the Hot Ocelot {rN+ MR+
                  | Str+3} (You found it on level 11 of the Dungeon)
 20836 | D:11     | Identified the +5 ring mail of the Hanged Man {rN++ MR+
                  | Dex-5 Stlth+} (You found it on level 11 of the Dungeon)
 21312 | D:11     | Reached skill level 14 in Summonings
 22273 | D:12     | Entered Level 12 of the Dungeon
 22274 | D:12     | Identified 5 scrolls of vulnerability
 22275 | D:12     | Identified 3 scrolls of fear
 22276 | D:12     | Identified 2 scrolls of immolation
 22281 | D:12     | Found Ezykeoc's Antique Weapon Shoppe.
 22296 | D:12     | Bought a scorched hand axe for 232 gold pieces
 22296 | D:12     | Bought a fine flail for 246 gold pieces
 22296 | D:12     | Identified the +7 hand axe of Suinuuna {protect, rN+ Str-3
                  | Dex+4} (You bought it in a shop on level 12 of the Dungeon)
 22298 | D:12     | Identified the +10 flail "Earthworm" {flame, +Fly Int+3
                  | Dex+3 Stlth-} (You bought it in a shop on level 12 of the
                  | Dungeon)
 22301 | D:12     | Found Wasimev's Weapon Shoppe.
 22405 | D:12     | Identified an amulet of magic regeneration (You found it on
                  | level 10 of the Dungeon)
 22408 | D:12     | Identified a ring of protection from magic (You found it on
                  | level 10 of the Dungeon)
 22577 | D:12     | Found a blossoming altar of Fedhas.
 22860 | D:12     | Reached skill level 15 in Summonings
 23147 | D:12     | Received a gift from Sif Muna
 23294 | D:12     | Found a staircase to the Depths.
 23349 | D:12     | Found Etwuimp's Armour Shoppe.
 23516 | D:12     | Reached skill level 16 in Summonings
 23516 | D:12     | Reached skill level 1 in Armour
 23521 | D:12     | Reached skill level 2 in Armour
 23669 | D:12     | Reached skill level 3 in Armour
 23913 | D:12     | Reached skill level 4 in Armour
 23916 | D:12     | Reached skill level 5 in Armour
 24123 | D:12     | Reached skill level 3 in Stealth
 24127 | D:12     | Reached skill level 1 in Evocations
 24227 | D:12     | Found a gate to the Vaults.
 24253 | D:12     | Reached skill level 2 in Evocations
 24253 | D:12     | Reached XP level 16. HP: 101/101 MP: 8/38
 24254 | D:12     | Reached skill level 3 in Evocations
 24435 | Orc      | Entered the Orcish Mines
 24470 | Orc      | Reached skill level 4 in Evocations
 24662 | Orc      | Reached skill level 5 in Evocations
 24753 | Orc      | Noticed Jorgrun
 24762 | Orc      | Killed Jorgrun
 24763 | Orc      | Reached skill level 6 in Evocations
 24798 | Orc      | Found Narreeb's General Store.
 24815 | Orc      | Bought a potion of brilliance for 68 gold pieces
 24857 | Orc      | Found a viscous altar of Jiyva.
 24860 | Orc      | Found a viscous altar of Jiyva.
 24861 | Orc      | Found a staircase to the Slime Pits.
 24920 | Orc      | Reached skill level 7 in Evocations
 25038 | Orc      | Found Bodow's General Store.
 25038 | Orc      | Found Avvu's Gadget Shop.
 25038 | Orc      | Found Oskadaol's Food Boutique.
 25042 | Orc      | Found Oxoo's Antique Weapon Emporium.
 25645 | Orc      | Bought a wand of paralysis (7) for 136 gold pieces
 25674 | Orc      | Bought a wand of charming (11) for 180 gold pieces
 25677 | Orc      | Bought a bloodstained hunting sling for 208 gold pieces
 25677 | Orc      | Bought an iridescent hand crossbow for 272 gold pieces
 25682 | Orc      | Identified the +7 hunting sling "Gram" {freeze, +Inv Dex+4,
                  | @w1} (You bought it in a shop in the Orcish Mines)
 25684 | Orc      | Identified the +12 hand crossbow of the Countless Nights
                  | {elec, +Fly} (You bought it in a shop in the Orcish Mines)
 25747 | D:8      | Bought an uncursed ring of protection from fire for 325
                  | gold pieces
 25747 | D:8      | Bought an uncursed ring of insulation for 325 gold pieces
 25910 | Snake:1  | Entered Level 1 of the Snake Pit
 25950 | Snake:1  | Reached skill level 4 in Stealth
 25991 | Snake:1  | Noticed Azrael
 25992 | Snake:1  | Reached skill level 5 in Stealth
 26014 | Snake:1  | Killed Azrael
 26083 | Snake:1  | Found a radiant altar of Vehumet.
 26108 | Snake:1  | Identified 2 scrolls of noise
 26196 | Snake:1  | Reached skill level 6 in Stealth
 26307 | Snake:1  | Noticed Aizul
 26315 | Snake:1  | Killed Aizul
 26374 | Snake:1  | Noticed a nagaraja
 26386 | Snake:1  | Killed a nagaraja
 26387 | Snake:1  | Received a gift from Sif Muna
 26387 | Snake:1  | Reached skill level 17 in Summonings
 26389 | Snake:1  | Noticed a nagaraja
 26397 | Snake:1  | Killed a nagaraja
 26759 | Snake:2  | Noticed a nagaraja
 26766 | Snake:2  | Killed a nagaraja
 26814 | Snake:2  | Noticed a nagaraja
 26821 | Snake:2  | Killed a nagaraja
 26827 | Snake:2  | Reached skill level 17 in Spellcasting
 26959 | Snake:2  | Reached XP level 17. HP: 107/107 MP: 10/40
 27115 | Snake:2  | Reached skill level 13 in Fighting
 27892 | Snake:2  | Reached skill level 14 in Fighting
 28272 | Snake:3  | Entered Level 3 of the Snake Pit
 28275 | Snake:3  | Identified a scroll of torment
 28859 | Snake:3  | Reached skill level 15 in Fighting
 28974 | Snake:3  | Reached skill level 6 in Armour
 29214 | Snake:3  | Reached skill level 7 in Armour
 29371 | Snake:3  | Reached XP level 18. HP: 119/119 MP: 13/41
 29376 | Snake:3  | Reached skill level 8 in Armour
 29464 | Snake:3  | Identified Sif Muna's Compendium of Harmful Creation (Sif
                  | Muna gifted it to you on level 3 of the Snake Pit)
 29464 | Snake:3  | Received a gift from Sif Muna
 30349 | Snake:3  | Reached skill level 18 in Summonings
 31358 | Snake:3  | Identified a scroll of fog
 31358 | Snake:3  | Identified an amulet of regeneration (You found it on level
                  | 3 of the Snake Pit)
 31358 | Snake:3  | Got a serpentine rune of Zot
 31512 | Shoals:1 | Entered Level 1 of the Shoals
 31542 | Shoals:1 | Reached skill level 18 in Spellcasting
 31585 | Shoals:1 | Reached skill level 7 in Stealth
 31647 | Shoals:1 | Identified an uncursed ring of see invisible
 32230 | Shoals:1 | Found Quoheesumm's Food Boutique.
 32260 | Shoals:1 | Reached skill level 8 in Stealth
 32324 | Shoals:1 | Identified a +2 pair of boots of running
 32788 | Shoals:2 | Found a runed translucent gate.
 32810 | Shoals:2 | Found a runed translucent gate.
 32811 | Shoals:2 | Found a runed translucent gate.
 32812 | Shoals:2 | Noticed Grimmash's ghost (adept FoAc)
 32890 | Shoals:2 | Reached skill level 9 in Stealth
 32962 | Shoals:2 | Noticed Frances
 32976 | Shoals:2 | Killed Frances
 33132 | Shoals:2 | Found a frozen archway.
 33141 | Shoals:2 | Reached skill level 10 in Stealth
 33165 | Shoals:2 | Identified Sif Muna's Almanac of Supportive Feathers (Sif
                  | Muna gifted it to you on level 2 of the Shoals)
 33165 | Shoals:2 | Received a gift from Sif Muna
 33184 | IceCv    | Entered an ice cave
 33409 | IceCv    | Identified the +0 pair of boots of a Labyrinth {rN+ Str+3}
 33502 | IceCv    | Reached XP level 19. HP: 124/124 MP: 41/43
 33550 | IceCv    | Noticed an Ice Fiend
 33650 | IceCv    | Killed an Ice Fiend
 33757 | IceCv    | Identified the +9 demon trident of Osomm {vamp, *Corrode
                  | rC+++ Str+5} (You found it in an ice cave)
 33764 | IceCv    | Identified the +0 pair of gloves "Emeolech" {*Slow Str-3
                  | Int+5 Stlth+}
 33772 | IceCv    | Identified a +0 crystal plate armour of cold resistance
 34472 | Shoals:2 | Reached skill level 19 in Summonings
 34527 | Shoals:2 | Reached skill level 1 in Polearms
 34705 | Shoals:3 | Entered Level 3 of the Shoals
 34763 | Shoals:3 | Reached skill level 2 in Polearms
 34779 | Shoals:3 | Reached skill level 3 in Polearms
 34787 | Shoals:3 | Noticed Ilsuiw
 34794 | Shoals:3 | Killed Ilsuiw
 34824 | Shoals:3 | Reached skill level 4 in Polearms
 35103 | Shoals:3 | Reached skill level 5 in Polearms
 35154 | Shoals:3 | Learned a level 6 spell: Deflect Missiles
 35284 | Shoals:3 | Identified the cursed +0 scale mail of the Wheelwright {rF-
                  | rCorr Int+8 Dex-5}
 35345 | Shoals:3 | Reached skill level 6 in Polearms
 35507 | Shoals:3 | Identified an uncursed amulet of the acrobat
 35601 | Shoals:3 | Reached skill level 7 in Polearms
 35753 | Shoals:3 | Got a barnacled rune of Zot
 36325 | Vaults:1 | Entered Level 1 of the Vaults
 36380 | Vaults:1 | Reached skill level 8 in Polearms
 36703 | Vaults:1 | Reached skill level 9 in Polearms
 37058 | Vaults:1 | Identified a +1 robe of the Archmagi
 37073 | Vaults:1 | Reached skill level 10 in Polearms
 37489 | Vaults:1 | Reached XP level 20. HP: 129/129 MP: 23/44
 38485 | Vaults:1 | Reached skill level 11 in Polearms
 38486 | Vaults:1 | Identified Sif Muna's Papyrus of the Mutagenic Rocks (Sif
                  | Muna gifted it to you on level 1 of the Vaults)
 38486 | Vaults:1 | Received a gift from Sif Muna
 38546 | Vaults:1 | Found Arerr's Antique Weapon Emporium.
 38833 | Vaults:1 | Found a staircase to the Crypt.
 39921 | Vaults:2 | Reached skill level 12 in Polearms
 40368 | Vaults:2 | Reached skill level 13 in Polearms
 41109 | Vaults:2 | Found Nacucey's Armour Shoppe.
 41821 | Elf:1    | Entered Level 1 of the Elven Halls
 42076 | Shoals:2 | Killed Grimmash's ghost
 42077 | Shoals:2 | Reached skill level 14 in Polearms
 42083 | Shoals:2 | Identified a scroll of brand weapon
 42395 | Depths:1 | Entered Level 1 of the Depths
 42395 | Depths:1 | Found a gateway to Hell.
 42504 | Depths:1 | Identified a cursed ring of resist corrosion
 42524 | Depths:1 | Found Dierr's Jewellery Boutique.
 42537 | Depths:1 | Noticed a Shadow Fiend
 42705 | Depths:1 | Reached XP level 21. HP: 58/134 MP: 16/45
 42892 | Depths:1 | Identified Sif Muna's Guide on Poisonous Displacement (Sif
                  | Muna gifted it to you on level 1 of the Depths)
 42892 | Depths:1 | Received a gift from Sif Muna
 42940 | Depths:1 | Bought a +4 amulet of reflection for 366 gold pieces
 43000 | Depths:1 | Reached skill level 20 in Summonings
 43133 | Depths:1 | Reached skill level 5 in Translocations
 43142 | Depths:1 | Learned a level 7 spell: Malign Gateway
 43349 | Depths:1 | Reached skill level 6 in Translocations
 43410 | Depths:1 | Found Nitu Ava's Distillery.
 43422 | Depths:1 | Bought a potion of heal wounds for 95 gold pieces
 43422 | Depths:1 | Bought a potion of heal wounds for 95 gold pieces
 43422 | Depths:1 | Bought a potion of haste for 190 gold pieces
 43436 | Depths:1 | Found a shattered altar of Ashenzari.
 43462 | Depths:1 | Identified a cursed ring of poison resistance
 43714 | Depths:1 | Found a one-way gate to the infinite horrors of the Abyss.
 43832 | Depths:2 | Reached skill level 7 in Translocations
 43910 | Depths:2 | Found a magical portal.
 43930 | WizLab   | Entered The Chambers of the Cloud Mage
 44195 | WizLab   | Reached skill level 8 in Translocations
 44203 | WizLab   | Identified a scroll of silence
 44748 | WizLab   | Identified Ycvoib's Handbook of the Birds
 44754 | WizLab   | Identified the ring "Yschul" {+Fly Stlth+}
 45046 | Depths:2 | Identified Sif Muna's Volume of the Creative Rocks (Sif
                  | Muna gifted it to you on level 2 of the Depths)
 45046 | Depths:2 | Received a gift from Sif Muna
 45046 | Depths:2 | Reached skill level 9 in Translocations
 45075 | Depths:2 | Found a one-way gate leading to the halls of Pandemonium.
 45111 | Depths:2 | Found a gateway to a ziggurat.
 45436 | Depths:2 | Reached skill level 10 in Translocations
 45977 | Depths:2 | Noticed a juggernaut
 45991 | Depths:2 | Killed a juggernaut
 46075 | Depths:2 | Found the +8 autumn katana {vamp, +Jump}
 46075 | Depths:2 | Found the +8 glaive of the Guard {elec, +Rage AC+5 SInv}
 46080 | Depths:2 | Identified the +4 quarterstaff "Jolak" {chaos, SInv}
 46265 | Depths:2 | Reached XP level 22. HP: 140/140 MP: 1/46
 46381 | Depths:2 | Reached skill level 21 in Summonings
 46701 | Depths:2 | Identified the Tome of Bewitchment and Intoxication
 46706 | Depths:2 | Learned a level 2 spell: Blink
 46776 | Depths:2 | Reached skill level 5 in Shields
 47122 | Depths:2 | Reached skill level 6 in Shields
 47139 | Depths:2 | Reached skill level 7 in Shields
 47308 | Depths:2 | Identified the Catalogue of the Hundredfold Friends
 47887 | Depths:3 | Found a runed translucent door.
 47888 | Depths:3 | Found a shimmering altar of Xom.
 47888 | Depths:3 | Noticed Caat Rau's ghost (adept DgCj)
 47889 | Depths:3 | Identified the +5 great sword of Vogh {chaos, Int+4}
 47953 | Depths:3 | Received a gift from Sif Muna
 47958 | Depths:3 | Learned a level 2 spell: Passwall
 48504 | Depths:3 | Noticed a golden dragon
 48537 | Depths:3 | Killed a golden dragon
 48538 | Depths:3 | Reached skill level 16 in Fighting
 48647 | Depths:3 | Identified the amulet of Wimmip {Rage rPois rC+ Int+4}
 48719 | Depths:3 | Noticed a juggernaut
 48733 | Depths:3 | Killed a juggernaut
 48927 | Depths:3 | Reached skill level 19 in Spellcasting
 49430 | Depths:3 | Found the +8 plutonium sword {irradiate, +Channel *Contam
                  | MR+ Stlth-}
 49834 | Depths:3 | Noticed a rockslime
 49854 | Depths:3 | Killed a rockslime
 49855 | Depths:3 | Reached XP level 23. HP: 126/147 MP: 8/48
 49861 | Depths:3 | Learned a level 5 spell: Passage of Golubria
 49973 | Depths:4 | Identified the cursed +1 robe of Inference {rPois rF+ rC+++
                  | Str-5}
 49986 | Depths:4 | Received a gift from Sif Muna
 50095 | Depths:4 | Reached skill level 20 in Spellcasting
 50252 | Depths:4 | Noticed a Killer Klown
 50267 | Depths:4 | Killed a Killer Klown
 50747 | Depths:4 | Noticed a Killer Klown
 50747 | Depths:4 | Noticed a Killer Klown
 51177 | Depths:4 | Killed a Killer Klown
 51178 | Depths:4 | Reached skill level 21 in Spellcasting
 51178 | Depths:4 | Killed a Killer Klown
 51277 | Depths:4 | Identified an uncursed ring of stealth
 51412 | Depths:5 | Entered Level 5 of the Depths
 51550 | Depths:5 | Received a gift from Sif Muna
 51562 | Depths:5 | Noticed an ancient lich
 51573 | Depths:5 | Reached skill level 22 in Spellcasting
 51590 | Depths:5 | Killed an ancient lich
 51591 | Depths:5 | Reached skill level 6 in Dodging
 51597 | Depths:5 | Reached skill level 7 in Dodging
 51653 | Depths:5 | Identified the Tome of Stolen Souls
 51662 | Depths:5 | Reached skill level 8 in Dodging
 51947 | Depths:5 | Reached skill level 9 in Dodging
 52045 | Depths:5 | Reached skill level 10 in Dodging
 52063 | Depths:5 | Reached XP level 24. HP: 152/152 MP: 26/51
 52220 | Depths:5 | Reached skill level 9 in Armour
 52778 | Depths:5 | Reached skill level 10 in Armour
 54212 | Depths:5 | Found a gate to the Realm of Zot.
 54499 | Slime:1  | Entered Level 1 of the Pits of Slime
 54878 | Slime:1  | Found a corrupted altar of Lugonu.
 55576 | Slime:2  | Reached skill level 17 in Fighting
 55939 | Slime:2  | Reached skill level 8 in Shields
 57334 | Slime:3  | Reached skill level 9 in Shields
 57894 | Slime:4  | Reached skill level 10 in Shields
 58413 | Slime:5  | Entered Level 5 of the Pits of Slime
 58508 | Slime:5  | Noticed the Royal Jelly
 58526 | Slime:5  | Killed the Royal Jelly
 58526 | Slime:5  | Identified Fizeceud's Disquisition on Boosting Evil Rituals
                  | (Sif Muna gifted it to you on level 5 of the Pits of Slime)
 58526 | Slime:5  | Received a gift from Sif Muna
 58666 | Slime:5  | Got a slimy rune of Zot
 58681 | Slime:5  | Identified the cursed ring "Ekyoskum" {*Tele +Fly Int-4
                  | Dex+2 Slay+3}
 58687 | Slime:5  | Identified the +4 pair of gloves of the Sky {*Corrode +Inv
                  | rElec rN+++}
 58701 | Slime:5  | Identified a cursed ring of ice
 58704 | Slime:5  | Identified an uncursed ring of positive energy
 58719 | Slime:5  | Learned a level 3 spell: Regeneration
 58722 | Slime:5  | Learned a level 2 spell: Song of Slaying
 58735 | Slime:5  | Identified the cursed +1 rapier of the Leaping Scavenger
                  | {venom, rN+ MR- Int+2}
 58736 | Slime:5  | Identified the cursed +0 glaive "Eruxoho" {pain, rElec
                  | rPois rF- rN+}
 58751 | Slime:5  | Reached XP level 25. HP: 160/160 MP: 19/51
 58765 | Slime:5  | Identified a cursed -2 ring of dexterity
 58774 | Slime:5  | Identified the ring "Loof" {Fire Int+3}
 58926 | Slime:5  | Reached skill level 22 in Summonings
 61225 | Elf:1    | Identified Sif Muna's Grimoire of Excruciating Talismans
                  | (Sif Muna gifted it to you on level 1 of the Elven Halls)
 61225 | Elf:1    | Received a gift from Sif Muna
 61238 | Elf:1    | Identified the +8 long sword of a Labyrinth {slice, Fragile
                  | rF+ Int+4 Dex+3}
 61323 | Elf:1    | Reached skill level 23 in Summonings
 61357 | Elf:1    | Found a runed translucent gate.
 61357 | Elf:1    | Found a runed translucent gate.
 61357 | Elf:1    | Found a runed translucent gate.
 61358 | Elf:1    | Found a runed translucent gate.
 61359 | Elf:1    | Found a runed translucent gate.
 61361 | Elf:1    | Found a runed translucent gate.
 62775 | Elf:2    | Found a runed gate.
 62775 | Elf:2    | Found a runed gate.
 62775 | Elf:2    | Found a runed gate.
 62906 | Elf:2    | Reached skill level 23 in Spellcasting
 63156 | Elf:2    | Reached skill level 8 in Evocations
 63615 | Elf:3    | Entered Level 3 of the Elven Halls
 63949 | Elf:3    | Reached skill level 9 in Evocations
 64456 | Elf:3    | Identified the +9 hand axe of Pastra Wama {freeze, Fragile
                  | rN+ Int+8}
 64507 | Elf:3    | Reached skill level 10 in Evocations
 64813 | Elf:3    | Identified the +11 broad axe "Uzailah" {vamp, *Corrode
                  | rElec rC++ Int+2}
 64916 | Elf:3    | Identified a cursed ring of fire
 64932 | Elf:3    | Reached skill level 11 in Evocations
 64992 | Elf:3    | Learned a level 9 spell: Dragon's Call
 65004 | Elf:3    | Found the +8 arc blade {discharge, rElec}
 65098 | Elf:3    | Identified the amulet of Secrets {Reflect Str+2 SH+6} (You
                  | took it off a deep elf elementalist on level 3 of the Elven
                  | Halls)
 65148 | Elf:3    | Identified the +8 mace of the Ship {crush, *Corrode rPois
                  | Str+2} (You took it off a deep elf demonologist on level 3
                  | of the Elven Halls)
 65180 | Elf:3    | Identified the Papyrus of Glacial Orientation
 65257 | Elf:3    | Identified an uncursed amulet of the gourmand (You took it
                  | off a deep elf demonologist on level 3 of the Elven Halls)
 66132 | Crypt:1  | Entered Level 1 of the Crypt
 66151 | Crypt:1  | Reached XP level 26. HP: 142/166 MP: 17/52
 66154 | Crypt:1  | Identified Sif Muna's Collected Works on the Venomous
                  | Mountains (Sif Muna gifted it to you on level 1 of the
                  | Crypt)
 66154 | Crypt:1  | Received a gift from Sif Muna
 66266 | Crypt:1  | Reached skill level 12 in Evocations
 66321 | Crypt:1  | Noticed Sojobo
 66337 | Crypt:1  | Killed Sojobo
 67133 | Crypt:1  | Noticed a curse skull
 67160 | Crypt:1  | Killed a curse skull
 67499 | Crypt:2  | Entered Level 2 of the Crypt
 67539 | Crypt:2  | Reached skill level 24 in Spellcasting
 67894 | Crypt:2  | Reached skill level 13 in Invocations
 68142 | Crypt:2  | Found a staircase to the Tomb.
 68676 | Crypt:2  | Identified a +1 robe of the Archmagi
 68801 | Crypt:2  | Reached skill level 14 in Invocations
 68979 | Crypt:2  | Noticed a curse toe
 69009 | Crypt:2  | Killed a curse toe
 69010 | Crypt:2  | Reached skill level 15 in Invocations
 69010 | Crypt:2  | Identified Sif Muna's Grimoire of Supportive Dislocation
                  | (Sif Muna gifted it to you on level 2 of the Crypt)
 69010 | Crypt:2  | Received a gift from Sif Muna
 69085 | Crypt:2  | Found an ancient bone altar of Kikubaaqudgha.
 69090 | Crypt:2  | Found a basalt altar of Yredelemnul.
 69110 | Crypt:2  | Identified the cursed +2 arbalest "Ogreslayer" {penet,
                  | rElec rF- Str+8 Stlth+}
 69113 | Crypt:2  | Identified the +3 hunting sling of Toasyx {freeze, rN+
                  | Str-3 Dex+6}
 69114 | Crypt:2  | Identified the +2 robe of the Maze {rPois Str+4}
 69141 | Crypt:2  | Found the +9 sword of Zonguldrok {reap}
 69489 | Crypt:2  | Identified an uncursed amulet of guardian spirit
 69811 | Depths:1 | Bought a potion of flight for 76 gold pieces
 69811 | Depths:1 | Bought a potion of resistance for 190 gold pieces
 69811 | Depths:1 | Bought 2 potions of agility for 152 gold pieces
 69811 | Depths:1 | Bought a potion of cancellation for 95 gold pieces
 69963 | Orc      | Bought a phantom mirror for 300 gold pieces
 69963 | Orc      | Bought a phantom mirror for 300 gold pieces
 69965 | Orc      | Bought a ration for 70 gold pieces
 69965 | Orc      | Bought a ration for 70 gold pieces
 69965 | Orc      | Bought a ration for 70 gold pieces
 69965 | Orc      | Bought a ration for 70 gold pieces
 69965 | Orc      | Bought a ration for 70 gold pieces
 69965 | Orc      | Bought a ration for 70 gold pieces
 69965 | Orc      | Bought a ration for 70 gold pieces
 69965 | Orc      | Bought a ration for 70 gold pieces
 69965 | Orc      | Bought a ration for 70 gold pieces
 69965 | Orc      | Bought a ration for 70 gold pieces
 69965 | Orc      | Bought a ration for 70 gold pieces
 69965 | Orc      | Bought a ration for 70 gold pieces
 70669 | Slime:1  | Voluntarily entered the Abyss.
 70769 | Abyss:2  | Found a corrupted altar of Lugonu.
 71398 | Abyss:3  | Learned a level 7 spell: Summon Fire Elementals
 71406 | Abyss:3  | Reached XP level 27. HP: 119/136 MP: 25/43
 71416 | Abyss:3  | Found a corrupted altar of Lugonu.
 71425 | Abyss:3  | Reached skill level 25 in Spellcasting
 71447 | Abyss:3  | Reached skill level 1 in Fire Magic
 71467 | Abyss:3  | Reached skill level 2 in Fire Magic
 71545 | Abyss:3  | Reached skill level 3 in Fire Magic
 71576 | Abyss:3  | Reached skill level 4 in Fire Magic
 71582 | Abyss:3  | Identified Sif Muna's Disquisition on Combat Magic (Sif
                  | Muna gifted it to you on level 3 of the Abyss)
 71582 | Abyss:3  | Received a gift from Sif Muna
 71685 | Abyss:3  | Found a corrupted altar of Lugonu.
 71864 | Abyss:3  | Got an abyssal rune of Zot
 71926 | Abyss:3  | Learned a level 6 spell: Borgnjor's Vile Clutch
 72272 | Abyss:3  | Reached skill level 18 in Fighting
 72287 | Abyss:3  | Reached skill level 1 in Necromancy
 72298 | Abyss:3  | Reached skill level 1 in Earth Magic
 72304 | Abyss:3  | Reached skill level 2 in Necromancy
 72308 | Slime:1  | You pass through the gate.
 72308 | Slime:1  | Escaped the Abyss
 72639 | Vaults:3 | Entered Level 3 of the Vaults
 72652 | Vaults:3 | Reached skill level 3 in Necromancy
 72652 | Vaults:3 | Reached skill level 2 in Earth Magic
 72657 | Vaults:3 | Reached skill level 4 in Necromancy
 72658 | Vaults:3 | Noticed a juggernaut
 72659 | Vaults:3 | Reached skill level 3 in Earth Magic
 72664 | Vaults:3 | Reached skill level 5 in Necromancy
 72695 | Vaults:3 | Received a gift from Sif Muna
 72809 | Vaults:3 | Reached skill level 4 in Earth Magic
 72811 | Vaults:3 | Reached skill level 6 in Necromancy
 72913 | Vaults:3 | Killed Asterion
 72934 | Vaults:3 | Reached skill level 7 in Necromancy
 72937 | Vaults:3 | Reached skill level 5 in Earth Magic
 73033 | Vaults:3 | Reached skill level 8 in Necromancy
 73098 | Vaults:3 | Reached skill level 9 in Necromancy
 73174 | Vaults:3 | Reached skill level 10 in Necromancy
 73184 | Vaults:3 | Identified Sif Muna's Handbook of Destructive Air (Sif Muna
                  | gifted it to you on level 3 of the Vaults)
 73184 | Vaults:3 | Received a gift from Sif Muna
 73238 | Vaults:3 | Killed a juggernaut
 73357 | Vaults:3 | Identified the ring of Miris {Wiz Stlth+}
 73357 | Vaults:3 | Noticed Mennas
 73366 | Vaults:3 | Identified the +6 hunting sling "Linlulun" {venom, Str+3
                  | Dex+2}
 73369 | Vaults:3 | Killed Mennas
 73370 | Vaults:3 | Reached skill level 11 in Necromancy
 73370 | Vaults:3 | Reached skill level 6 in Earth Magic
 73509 | Vaults:3 | Identified an uncursed ring of protection from cold
 73695 | Vaults:3 | Got a silver rune of Zot
 73909 | Vaults:3 | Identified the +0 chain mail of the Crypt {rElec Regen+
                  | rCorr Str-4}
 74066 | Vaults:3 | Identified a cursed ring of teleportation (You took it off
                  | a vault warden on level 3 of the Vaults)
 74078 | Vaults:3 | Reached skill level 19 in Fighting
 74131 | Vaults:3 | Identified the +4 ring mail of the Lily {*Corrode +Inv
                  | rElec Str+4}
 74219 | Vaults:3 | Identified the +2 cloak of Quarhuak {rElec Int+6 Dex+2
                  | Stlth-}
 74255 | Vaults:3 | Identified Lalax's Guide on the Igneous Mountains
 74350 | Vaults:3 | Found the +8 Wrath of Trog {antimagic, *Rage}
 74354 | Vaults:3 | Identified the +10 giant club "Zypseofi" {crush, +Inv rC+}
 74855 | Depths:3 | Killed Caat Rau's ghost
 74971 | Depths:1 | Bought a potion of flight for 76 gold pieces
 74971 | Depths:1 | Bought a potion of lignification for 57 gold pieces
 74971 | Depths:1 | Bought a potion of curing for 47 gold pieces
 75118 | Orc      | Bought a wand of digging (9) for 300 gold pieces
 75118 | Orc      | Bought a wand of polymorph (16) for 102 gold pieces
 75118 | Orc      | Bought a wand of digging (11) for 360 gold pieces
 76441 | Zot:1    | Entered Level 1 of the Realm of Zot
 76712 | Zot:1    | Identified a scroll of acquirement
 76713 | Zot:1    | Identified the +0 chain mail of Valour {*Slow rElec rC+}
                  | (You acquired it on level 1 of the Realm of Zot)
 76713 | Zot:1    | Identified the ring "Ucag" {rElec rPois rC- MR+++ Str+2}
                  | (You acquired it on level 1 of the Realm of Zot)
 76713 | Zot:1    | Identified the Catalogue of Displacement and Enchantment
                  | (You acquired it on level 1 of the Realm of Zot)
 77024 | Zot:1    | Noticed an electric golem
 77031 | Zot:1    | Killed an electric golem
 77048 | Zot:1    | Learned a level 7 spell: Controlled Blink
 77057 | Zot:1    | Learned a level 7 spell: Haunt
 77082 | Zot:1    | Identified the +5 shortbow "Lemost" {freeze, rF+ Str+4
                  | Int+4 Dex-3}
 77456 | Zot:2    | Noticed an electric golem
 77478 | Zot:2    | Reached skill level 20 in Fighting
 77498 | Zot:2    | Killed an electric golem
 77668 | Zot:2    | Noticed a Killer Klown
 77671 | Zot:2    | Killed a Killer Klown
 77759 | Zot:2    | Noticed an orb of fire
 77761 | Zot:2    | Reached skill level 13 in Evocations
 77768 | Zot:2    | Killed an orb of fire
 78522 | Zot:2    | Identified the +5 trident of the Grave {freeze, rPois
                  | Dex+3}
 78566 | Zot:3    | Noticed an ancient lich
 78705 | Zot:3    | Identified Sif Muna's Reference Book on Frigorific Blows
                  | and Bruises (Sif Muna gifted it to you on level 3 of the
                  | Realm of Zot)
 78705 | Zot:3    | Received a gift from Sif Muna
 78717 | Zot:3    | Reached skill level 7 in Earth Magic
 78719 | Zot:3    | Reached skill level 12 in Necromancy
 79220 | Zot:3    | Noticed a Killer Klown
 79237 | Zot:3    | Killed a Killer Klown
 79238 | Zot:3    | Reached skill level 13 in Necromancy
 79238 | Zot:3    | Reached skill level 8 in Earth Magic
 79252 | Zot:3    | Killed an ancient lich
 79252 | Zot:3    | Noticed a curse toe
 79258 | Zot:3    | Noticed a golden dragon
 79261 | Zot:3    | Killed a golden dragon
 79275 | Zot:3    | Killed a curse toe
 79284 | Zot:3    | Reached skill level 21 in Fighting
 79479 | Zot:3    | Noticed a Killer Klown
 79486 | Zot:3    | Killed a Killer Klown
 80397 | Zot:4    | Noticed a golden dragon
 80405 | Zot:4    | Killed a golden dragon
 80456 | Zot:4    | Noticed a Brimstone Fiend
 80672 | Zot:4    | Noticed a golden dragon
 80681 | Zot:4    | Killed a golden dragon
 80808 | Zot:4    | Reached skill level 22 in Fighting
 80821 | Zot:4    | Noticed Xtahua
 80827 | Zot:4    | Killed Xtahua
 80828 | Zot:4    | Found the +6 fire dragon scales of Xtahua {rF+++ rC- MR+}
 81083 | Zot:5    | Entered Level 5 of the Realm of Zot
 81083 | Zot:5    | Noticed a curse toe
 81105 | Zot:5    | Found a runed translucent gate.
 81105 | Zot:5    | Found a runed translucent gate.
 81105 | Zot:5    | Found a runed translucent gate.
 81105 | Zot:5    | Noticed Mehrunes's ghost (master MfAK)
 81192 | Zot:5    | Noticed an electric golem
 81320 | Zot:5    | Killed a curse toe
 81507 | Zot:5    | Killed an electric golem
 81630 | Zot:5    | Killed Mehrunes's ghost
 81880 | Zot:5    | Noticed an electric golem
 81883 | Zot:5    | Noticed an orb of fire
 81885 | Zot:5    | Received a gift from Sif Muna
 81891 | Zot:5    | Killed an orb of fire
 81892 | Zot:5    | Reached skill level 23 in Fighting
 81892 | Zot:5    | Noticed an orb of fire
 81897 | Zot:5    | Killed an orb of fire
 81898 | Zot:5    | Noticed an orb of fire
 81898 | Zot:5    | Noticed an electric golem
 81898 | Zot:5    | Noticed an orb of fire
 81909 | Zot:5    | Gained mutation: Armour fits poorly on your strangely
                  | shaped body. [an orb of fire]
 81917 | Zot:5    | Killed an orb of fire
 81920 | Zot:5    | Noticed an orb of fire
 81925 | Zot:5    | Killed an orb of fire
 81930 | Zot:5    | Noticed an orb of fire
 81932 | Zot:5    | Noticed an ancient lich
 81942 | Zot:5    | Killed an electric golem
 81945 | Zot:5    | Killed an orb of fire
 81959 | Zot:5    | Killed an ancient lich
 81966 | Zot:5    | Killed an orb of fire
 81972 | Zot:5    | Noticed an ancient lich
 81974 | Zot:5    | Noticed a golden dragon
 81976 | Zot:5    | Noticed an ancient lich
 81976 | Zot:5    | Killed an ancient lich
 81978 | Zot:5    | Noticed an ancient lich
 81981 | Zot:5    | Killed an ancient lich
 81982 | Zot:5    | Reached skill level 24 in Fighting
 81989 | Zot:5    | Killed an ancient lich
 81999 | Zot:5    | Noticed an ancient lich
 82014 | Zot:5    | Killed an ancient lich
 82015 | Zot:5    | Reached skill level 11 in Translocations
 82015 | Zot:5    | Reached skill level 5 in Air Magic
 82025 | Zot:5    | Reached skill level 6 in Air Magic
 82042 | Zot:5    | Killed a golden dragon
 82061 | Zot:5    | Received a gift from Sif Muna
 82110 | Zot:5    | Killed an electric golem
 82111 | Zot:5    | Reached skill level 24 in Summonings
 82168 | Zot:5    | Noticed an ancient lich
 82228 | Zot:5    | Killed an ancient lich
 82230 | Zot:5    | Noticed an ancient lich
 82230 | Zot:5    | Noticed a Brimstone Fiend
 82232 | Zot:5    | Noticed an Ice Fiend
 82243 | Zot:5    | Noticed a Killer Klown
 82251 | Zot:5    | Killed a Killer Klown
 82255 | Zot:5    | Noticed a Killer Klown
 82264 | Zot:5    | Killed a Killer Klown
 82420 | Zot:5    | Noticed a Killer Klown
 82426 | Zot:5    | Killed a Killer Klown
 82435 | Zot:5    | Killed an ancient lich
 82474 | Zot:5    | Reached skill level 25 in Fighting
 82553 | Zot:5    | Got the Orb of Zot
 82628 | Zot:4    | Noticed a Brimstone Fiend
 82638 | Zot:4    | Killed a Brimstone Fiend
 82831 | Depths:5 | Noticed a seraph
 82983 | D:12     | Noticed Hogrif the pandemonium lord
 83255 | D:$      | Escaped with the Orb!

Vanquished Creatures
  Mennas (Vaults:3)
  A Killer Klown (Zot:3)
  A rockslime (Zot:1)
  A Brimstone Fiend (Zot:4)
  A tentacled monstrosity (Depths:4)
  4 Orb Guardians (Zot:5)
  A lich (Vaults:3)
  A quicksilver dragon (Zot:5)
  2 acid blobs
  2 tentacled starspawn (Abyss:3)
  A nagaraja (Depths:2)
  A ghoul (Crypt:2)
  2 storm dragons
  A draconian knight (Depths:5)
  A draconian monk (Zot:5)
  A war gargoyle (Vaults:2)
  A frost giant (Depths:4)
  6 azure jellies (Slime:5)
  A curse skull (Crypt:1)
  A stone giant (Depths:2)
  An ironheart preserver (Vaults:3)
  A draconian scorcher (Depths:5)
  5 very ugly things
  2 vampire knights
  A draconian annihilator (Zot:5)
  A jiangshi (Crypt:2)
  A green draconian (Zot:2)
  A lorocyproca (Abyss:3)
  2 black draconians
  2 yellow draconians
  2 white draconians
  A dire elephant (Vaults:2)
  A purple draconian (Zot:5)
  2 ettins
  7 spark wasps
  A deep elf death mage (Elf:2)
  3 rakshasas
  A naga warrior (Depths:2)
  3 yaktaur captains
  An ice dragon (Depths:4)
  2 spriggan air magi
  A vault guard (Vaults:3)
  A merfolk avatar (Shoals:1)
  2 shadow wraiths
  An ogre mage (Depths:1)
  2 two-headed ogres
  8 dancing weapons
  2 ancient automatons
  A thrashing horror (Abyss:3)
  A spriggan berserker (Depths:2)
  A vampire mage (Crypt:1)
  An ironheart beastmaster (Vaults:2)
  2 deep elf knights (Elf:1)
  A sun demon (Depths:5)
  A deep troll (Vaults:3)
  A titan skeleton (Depths:5)
  4 wretched stars (Abyss:3)
  An iron troll (Depths:5)
  A fire crab (shapeshifter) (Vaults:3)
  A centaur warrior (Depths:1)
  An iron giant zombie (Crypt:2)
  A death drake (WizLab)
  A wizard (Vaults:2)
  A flayed ghost (Depths:5)
  2 deep elf archers (Elf:1)
  A wolf spider zombie (Crypt:1)
  2 necromancers (Depths:3)
  2 phantasmal warriors
  An anaconda skeleton (Crypt:1)
  An ironheart convoker (Vaults:3)
  A lindwurm (Depths:2)
  9 deep elf magi
  7 ugly things
  2 worldbinders (Abyss:3)
  A salamander (Depths:1)
  5 moths of wrath
  A vault sentinel (Vaults:3)
  2 guardian serpents (Depths:2)
  A will-o'-wisp (Abyss:2)
  2 black mambas (Depths:2)
  3 smoke demons
  A shock serpent skeleton (Crypt:1)
  A yaktaur (Depths:3)
  A golden dragon simulacrum (Depths:5)
  An eye of draining (Abyss:2)
  A guardian mummy (Crypt:2)
  A freezing wraith (Vaults:3)
  6 ancient zymes
  A white draconian skeleton (Crypt:2)
  A harpy zombie (Crypt:2)
  A hornet (Depths:2)
  2 raiju (Abyss:3)
  19 slime creatures
  A water elemental (Elf:3)
  6 air elementals
  A fire dragon skeleton (Crypt:1)
  A shadow (Crypt:1)
  A wraith (Abyss:2)
  5 large abominations
  A fire elemental (Elf:3)
  A hog (D:7)
  A ynoxinul (Abyss:2)
  3 fire bats (Depths:1)
  A golden eye (Abyss:3)
  A vampire (Crypt:2)
  2 neqoxecs (Abyss:2)
  5 nagas (Depths:2)
  A water moccasin (Lair:3)
  A soldier ant (shapeshifter) (Elf:1)
  An orc warrior (Elf:1)
  An ice beast (D:4)
  4 ogres (Vaults:3)
  A necrophage (Crypt:2)
  A lindwurm skeleton (Crypt:1)
  5 small abominations
  An octopode zombie (Crypt:1)
  A killer bee (Abyss:3)
  4 electric eels (D:10)
  A jelly (D:7)
  A quasit (Abyss:3)
  An iguana (D:4)
  An iron imp (Abyss:3)
  A worker ant (D:11)
  3 mummies
  5 adders
  A shadow imp (Abyss:3)
  3 ufetubi
  An adder zombie (Ossuary)
  A dart slug (D:1)
  A leopard gecko (D:3)
  7 orcs
  2 ball pythons
  A giant cockroach (D:1)
  A gnoll zombie (D:2)
  A goblin (D:2)
  4 hobgoblins
  A jackal (D:2)
  4 quokkas
  A bat (D:1)
  A frilled lizard (D:2)
  3 goblin zombies (Ossuary)
  3 kobolds
  A kobold zombie (Ossuary)
  A quokka zombie (Ossuary)
  A rat (D:2)
  5 rat zombies (Ossuary)
  A lurking horror (Slime:1)
  A plant (Lair:3)
  2 starspawn tentacles (Abyss:3)
300 creatures vanquished.

Vanquished Creatures (collateral kills)
  the Royal Jelly (Slime:5)
  3 juggernauts
  7 orbs of fire
  9 ancient liches
  Xtahua (Zot:4)
  Sojobo (Crypt:1)
  8 Killer Klowns
  The ghost of Mehrunes the Phalangite, a master MfAK of Lugonu (Zot:5)
  4 golden dragons
  3 curse toes
  The ghost of Caat Rau the Warrior, an adept DgCj (Depths:3)
  3 bone dragons
  4 rockslimes
  3 Orb Demons (Zot:5)
  4 electric golems
  14 tentacled monstrosities
  Frances (Shoals:2)
  A shard shrike skeleton (Crypt:2)
  A Cloud Mage (WizLab)
  Jorgrun (Orc)
  4 liches
  An Ice Fiend (IceCv)
  24 Orb Guardians
  Asterion (Vaults:3)
  A deep elf master archer (Elf:3)
  2 titans
  17 acid blobs
  5 sphinxes
  4 quicksilver dragons
  7 ancient champions
  5 eldritch tentacles
  An Executioner (Depths:4)
  5 tentacled starspawn
  5 ghouls (Crypt:2)
  5 tengu reavers
  15 shadow dragons
  4 death cobs
  A sphinx (shapeshifter) (Vaults:3)
  The ghost of Grimmash the Spear-Bearer, an adept FoAc of Cheibriados (Shoals:2)
  Ilsuiw (Shoals:3)
  A draconian monk (Zot:4)
  19 storm dragons
  14 nagarajas
  9 draconian knights
  A revenant (Crypt:2)
  10 azure jellies
  8 frost giants
  A war gargoyle (Vaults:3)
  9 fire giants
  8 vault wardens
  An orc warlord (Vaults:3)
  2 caustic shrike zombies
  Aizul (Snake:1)
  A juggernaut zombie (D:12)
  35 very ugly things
  6 deep elf elementalists
  2 angels
  4 deep elf sorcerers (Elf:3)
  14 ironheart preservers
  6 draconian annihilators
  16 jiangshi
  2 draconian stormcallers
  4 draconian scorchers
  2 draconian shifters
  12 stone giants
  2 juggernaut skeletons
  2 reapers
  3 eyes of devastation
  6 vampire knights
  16 starcursed masses
  14 green draconians
  10 black draconians
  5 dire elephants (Vaults:2)
  6 deep elf demonologists
  11 deep elf annihilators
  10 purple draconians
  3 red draconians
  9 white draconians
  8 yellow draconians
  7 merfolk javelineers
  6 spark wasps
  6 deep elf death magi
  3 crystal guardians (Vaults:3)
  2 eidola
  Azrael (Snake:1)
  24 ettins
  2 blizzard demons
  10 yaktaur captains
  4 merfolk impalers
  6 fire dragons
  2 deep elf high priests
  3 rakshasas
  24 vault guards
  25 naga warriors
  Fannar (Lair:2)
  3 catoblepae (Lair:6)
  7 hydras
  8 ice dragons
  A hell beast (Depths:5)
  2 merfolk avatars
  Erica (D:8)
  4 alligator snapping turtles
  A great orb of eyes (shapeshifter) (Depths:4)
  4 spriggan air magi
  A shadow wraith (Depths:5)
  16 anacondas
  11 great orbs of eyes
  11 ogre magi
  9 death oozes
  4 satyrs
  21 two-headed ogres
  14 death yaks
  A sea snake (shapeshifter) (Zot:3)
  6 merfolk aquamancers
  4 vampire magi
  2 death knights
  2 ancient automatons (Slime:2)
  20 dancing weapons
  9 deep troll shamans
  11 deep troll earth magi
  2 tengu warriors
  16 sea snakes
  A spriggan berserker (Depths:2)
  10 thrashing horrors
  An ironheart beastmaster (Vaults:2)
  A titan zombie (Crypt:2)
  16 naga sharpshooters
  5 shock serpents
  25 deep trolls
  Nergalle (Lair:4)
  13 deep elf knights
  An iron troll (Depths:1)
  5 wretched stars (Abyss:3)
  A fire crab (Lair:6)
  14 centaur warriors
  4 salamander mystics
  28 skeletal warriors
  2 sixfirhies
  4 hell knights
  5 glowing orange brains
  A shadow demon (D:7)
  7 unseen horrors (Crypt:2)
  20 deep elf archers
  3 cyclopes
  13 naga ritualists
  4 necromancers
  A storm dragon skeleton (Depths:5)
  10 phantasmal warriors
  2 tengu zombies (Depths:5)
  Pikel (D:4)
  4 flayed ghosts
  A lindwurm (Depths:2)
  7 harpies
  A shadow dragon zombie (Depths:5)
  7 orc knights
  9 wizards
  45 deep elf magi
  An oklob plant (Lair:1)
  8 naga magi
  3 apocalypse crabs
  4 ironheart convokers
  13 mana vipers
  9 shining eyes
  A sphinx skeleton (Vaults:1)
  38 ugly things
  14 fauns
  19 manticores
  A shadow dragon skeleton (Crypt:1)
  11 salamanders
  An orc sorcerer (Elf:1)
  A stone giant zombie (D:12)
  A faun (shapeshifter) (Elf:3)
  7 large abominations (Abyss:3)
  24 moths of wrath
  A will-o'-wisp (Abyss:3)
  17 merfolk sirens
  2 stone giant skeletons (Vaults:1)
  A spriggan zombie (D:12)
  4 smoke demons (Abyss:3)
  14 elephants
  17 vault sentinels
  2 ice statues (IceCv)
  35 black mambas
  5 guardian serpents
  An elephant slug zombie (Crypt:2)
  13 cane toads
  2 gargoyles (D:12)
  3 orange demons
  A torpor snail (Lair:6)
  4 water nymphs
  A hellion (Zot:1)
  17 ice devils
  2 rime drakes
  29 yaktaurs
  An efreet (Abyss:3)
  A flying skull (Abyss:3)
  3 hellwings (Abyss:3)
  A tengu conjurer (D:12)
  An ancient zyme (Abyss:3)
  8 freezing wraiths
  7 komodo dragons
  A guardian mummy (Zot:3)
  3 eyes of draining
  3 yaktaur skeletons (Vaults:1)
  4 meliai (Abyss:3)
  2 hydra zombies
  A queen bee (Abyss:3)
  5 trolls
  A tengu simulacrum (Vaults:1)
  A wind drake (shapeshifter) (D:10)
  5 polar bears
  Grinder (D:6)
  26 merfolk
  6 wind drakes
  A hornet (Depths:2)
  12 dream sheep
  A death drake skeleton (Crypt:2)
  7 hippogriffs
  10 snapping turtles
  2 harpy skeletons (D:11)
  A raiju (shapeshifter) (Depths:2)
  A bog body (Crypt:2)
  A blink frog (shapeshifter) (Vaults:1)
  11 raiju
  82 slime creatures
  16 blink frogs
  2 meliai zombies
  2 spriggans (Depths:2)
  A stone giant simulacrum (Vaults:2)
  A fire dragon skeleton (Crypt:2)
  Grum (Lair:3)
  A spriggan (shapeshifter) (Elf:3)
  9 air elementals
  3 vampires (Crypt:2)
  An ettin skeleton (Vaults:1)
  18 water elementals
  Sigmund (D:4)
  A ynoxinul (Abyss:3)
  7 wraiths
  A human (D:7)
  2 shadows
  58 yaks
  6 wyverns
  A wyvern (shapeshifter) (Vaults:3)
  3 basilisks
  5 fire bats
  3 neqoxecs (Abyss:3)
  A yak (shapeshifter) (Vaults:3)
  8 golden eyes
  A fire elemental (Snake:1)
  5 hogs
  4 vampire mosquitoes (D:12)
  2 steam dragons
  A human simulacrum (Vaults:1)
  3 hungry ghosts
  Menkaure (D:6)
  3 wargs
  57 nagas
  An acid dragon (shapeshifter) (Vaults:2)
  Edmund (D:6)
  An elf skeleton (Vaults:1)
  24 water moccasins
  12 crocodiles
  6 hell hounds
  An ogre skeleton (Vaults:1)
  8 porcupines
  A snapping turtle zombie (Crypt:1)
  A floating eye (Orc)
  A swamp drake (Lair:3)
  3 sky beasts
  Duvessa (D:6)
  2 phantoms
  32 orc warriors
  A torturous demonspawn skeleton (Crypt:2)
  A meliai simulacrum (D:12)
  An ice beast (D:3)
  A soldier ant (D:8)
  2 necrophages
  2 human skeletons
  6 black bears (D:10)
  29 ogres
  3 wolves
  5 boggarts
  14 bullfrogs
  3 kobold brigands
  An earth elemental (Elf:3)
  Dowan (D:6)
  14 centaurs
  A wyvern zombie (Crypt:2)
  A water moccasin zombie (D:9)
  3 scorpions
  11 small abominations
  A water moccasin skeleton (D:4)
  9 killer bees (Abyss:3)
  3 electric eels
  A howler monkey (D:9)
  7 orc priests
  2 lava snakes (D:10)
  3 quasits
  4 crimson imps
  A yaktaur simulacrum (Vaults:1)
  4 jellies
  Crazy Yiuf (D:3)
  A bullfrog skeleton (D:2)
  12 orc wizards
  6 hounds
  An iron imp (Abyss:1)
  3 iguanas
  7 worker ants
  4 ogre zombies (Ossuary)
  3 hound skeletons
  16 mummies
  A howler monkey zombie (D:6)
  A centaur zombie (Ossuary)
  3 gnolls (D:10)
  31 adders
  A howler monkey skeleton (D:6)
  A centaur skeleton (Crypt:2)
  8 white imps (IceCv)
  6 ufetubi
  An ooze (D:2)
  5 adder zombies
  2 adder skeletons
  A barachi zombie (Crypt:1)
  2 dart slugs
  2 worms
  3 leopard geckos
  43 orcs
  2 ball pythons (Depths:2)
  2 bats
  2 gnoll zombies
  4 goblins
  7 hobgoblins
  5 jackals
  3 quokkas
  A giant cockroach zombie (Crypt:1)
  2 goblin zombies (Ossuary)
  4 hobgoblin zombies (Ossuary)
  17 kobolds
  A kobold zombie (Ossuary)
  An orc zombie (Ossuary)
  A quokka skeleton (Crypt:2)
  A rat (D:1)
  A rat zombie (Ossuary)
  2 fire vortices (D:10)
  27 fungi
  44 plants
  3 snaplasher vines
  3 starspawn tentacles
  8 withered plants (D:12)
2365 creatures vanquished.

Vanquished Creatures (others)
  A golden dragon (Zot:5)
  An electric golem (Zot:5)
  148 eldritch tentacles
  A shadow dragon (Zot:5)
  A draconian knight (Zot:4)
  A black draconian (Zot:5)
  A yellow draconian (Zot:3)
  A rakshasa (Depths:2)
  2 vault guards (Vaults:3)
  A sea snake (Shoals:2)
  A wretched star (Abyss:3)
  A glowing orange brain (Abyss:1)
  A flayed ghost (Crypt:2)
  A phantasmal warrior (Crypt:2)
  An ugly thing (Vaults:3)
  2 deep elf magi
  A salamander (Snake:3)
  2 moths of wrath (Zot:5)
  A will-o'-wisp (Abyss:3)
  A black mamba (Snake:2)
  A hellwing (Zot:5)
  A wind drake (WizLab)
  2 nagas (Snake:2)
  A small abomination (Abyss:3)
  2 orc warriors (Orc)
  Robin (D:4)
  5 ufetubi (IceCv)
  An orc (Orc)
  7 goblins (D:4)
  A hobgoblin (D:4)
  A kobold (D:9)
  A bush (Lair:5)
  3 fire vortices
  13 fungi
  A lurking horror (Slime:1)
  20 plants
  63 snaplasher vines
  17 starspawn tentacles
311 creatures vanquished.

Grand Total: 2976 creatures vanquished

Table legend:
 A = Turns spent in this place as a percentage of turns spent in the entire game.
 B = Non-inter-level travel turns spent in this place as a percentage of non-inter-level travel turns spent in the entire game.
 C = Inter-level travel turns spent in this place as a percentage of turns spent in this place.
 D = Turns resting spent in this place as a percentage of non-inter-level travel turns spent in this place.
 E = Turns spent auto-exploring this place as a percentage of non-inter-level travel turns spent in this place.
 F = Non-inter-level travel turns spent in this place divided by the number of levels of this place that you've seen.
                   A       B       C       D       E      F
               +-------+-------+-------+-------+-------+----------------------
         Total | 100.0 | 100.0 |  11.8 |  20.4 |  44.5 | 1360.1
       Dungeon |  20.5 |  19.3 |  16.6 |  18.2 |  55.1 | 1184.2
          Lair |  12.9 |  11.7 |  20.0 |  21.2 |  52.9 | 1430.2
        Shoals |   5.1 |   5.4 |   7.5 |  15.5 |  48.8 | 1320.3
     Snake Pit |   6.8 |   7.3 |   5.2 |  20.9 |  35.7 | 1793.7
    Slime Pits |   6.7 |   6.4 |  16.6 |  28.4 |  48.7 | 934.6
  Orcish Mines |   2.1 |   1.6 |  31.3 |  12.2 |  52.0 | 1203.0
   Elven Halls |   7.4 |   7.4 |  11.4 |  22.6 |  37.3 | 1822.0
        Vaults |   8.4 |   8.6 |   9.0 |  12.8 |  46.8 | 2109.0
         Crypt |   4.2 |   4.6 |   3.4 |  23.5 |  32.3 | 1673.0
        Depths |  13.9 |  14.4 |   8.3 |  29.1 |  38.4 | 2114.4
           Zot |   7.6 |   8.2 |   5.2 |  11.5 |  50.1 | 1199.4
         Abyss |   2.0 |   2.2 |   0.0 |   9.3 |   8.8 | 546.3
       Ossuary |   0.6 |   0.7 |   0.0 |   9.0 |  36.7 | 521.0
      Ice Cave |   0.8 |   0.9 |   0.0 |  29.9 |   0.0 | 668.0
        Wizlab |   1.1 |   1.2 |   0.0 |  36.6 |   6.9 | 900.0
               +-------+-------+-------+-------+-------+----------------------

Table legend:
 A = Kills in this place as a percentage of kills in entire the game.
 B = Kills by you in this place as a percentage of kills by you in the entire game.
 C = Kills by friends in this place as a percentage of kills by friends in the entire game.
 D = Other kills in this place as a percentage of other kills in the entire game.
 E = Experience gained in this place as a percentage of experience gained in the entire game.
 F = Experience gained in this place divided by the number of levels of this place that you have seen.
                   A       B       C       D       E      F
               +-------+-------+-------+-------+-------+----------------------
         Total | 100.0 | 100.0 | 100.0 | 100.0 | 100.0 | 38010.5
       Dungeon |  13.9 |  11.4 |  14.0 |  25.0 |   3.4 | 5735.7
          Lair |   8.8 |   1.0 |   9.9 |   0.0 |   3.2 | 10966.7
        Shoals |   6.3 |   0.3 |   7.1 |   2.8 |   4.6 | 31157.0
     Snake Pit |   7.8 |   0.0 |   8.8 |  11.1 |   6.3 | 42953.0
    Slime Pits |   5.1 |   6.9 |   5.0 |   0.0 |   5.1 | 21033.0
  Orcish Mines |   2.8 |   0.0 |   3.1 |   5.6 |   0.6 | 12416.0
   Elven Halls |   6.4 |  11.0 |   5.8 |   5.6 |   6.3 | 43214.3
        Vaults |  12.1 |   9.7 |  12.5 |   8.3 |  13.5 | 92388.7
         Crypt |   5.1 |   7.6 |   4.7 |   5.6 |   6.2 | 63749.5
        Depths |  12.7 |  21.7 |  11.7 |   5.6 |  18.9 | 77636.6
           Zot |   8.9 |   7.9 |   8.9 |  16.7 |  26.3 | 108094.2
         Abyss |   6.7 |  16.2 |   5.4 |  11.1 |   4.5 | 30578.3
       Ossuary |   1.4 |   4.5 |   1.1 |   0.0 |   0.0 | 291.0
      Ice Cave |   1.1 |   0.0 |   1.3 |   0.0 |   0.4 | 8690.0
        Wizlab |   0.9 |   1.7 |   0.8 |   2.8 |   0.7 | 14348.0
               +-------+-------+-------+-------+-------+----------------------

Table legend:
 A = Non-vault XP
 B = Vault XP
 C = Vault XP percentage of total XP
 D = Non-vault monster count
 E = Vault monster count
 F = Vault count percentage of total count
                 A         B        C        D         E       F
            +---------+---------+-------+---------+---------+-------
      Total | 1060373 |  971865 |  47.8 |    1587 |     984 |  38.3
            +---------+---------+-------+---------+---------+-------
        D:1 |      32 |       0 |   0.0 |      16 |       0 |   0.0
        D:2 |      95 |       4 |   4.0 |      20 |       2 |   9.1
        D:3 |     192 |      44 |  18.6 |      22 |       1 |   4.3
        D:4 |     639 |     885 |  58.1 |      11 |      13 |  54.2
        D:5 |     209 |       0 |   0.0 |       9 |       0 |   0.0
        D:6 |     707 |     831 |  54.0 |      22 |       5 |  18.5
        D:7 |    1308 |     999 |  43.3 |      19 |       5 |  20.8
        D:8 |    2917 |    1553 |  34.7 |      23 |       6 |  20.7
        D:9 |    2989 |    1301 |  30.3 |      32 |       6 |  15.8
       D:10 |    6318 |    4398 |  41.0 |      36 |      24 |  40.0
       D:11 |    4358 |    6211 |  58.8 |      18 |       9 |  33.3
       D:12 |   13936 |   14229 |  50.5 |      37 |      18 |  32.7
     Lair:1 |    3770 |    2255 |  37.4 |      13 |       8 |  38.1
     Lair:2 |    4804 |    3600 |  42.8 |      21 |       7 |  25.0
     Lair:3 |    2600 |    3228 |  55.4 |      13 |      38 |  74.5
     Lair:4 |    6067 |    1890 |  23.8 |      19 |       3 |  13.6
     Lair:5 |    6621 |    4097 |  38.2 |      20 |      11 |  35.5
     Lair:6 |   14363 |   12505 |  46.5 |      50 |      24 |  32.4
   Shoals:1 |   21267 |       0 |   0.0 |      41 |       0 |   0.0
   Shoals:2 |   24409 |    6746 |  21.7 |      44 |       6 |  12.0
   Shoals:3 |   14399 |   26650 |  64.9 |      32 |      39 |  54.9
    Snake:1 |   19631 |    3682 |  15.8 |      31 |       8 |  20.5
    Snake:2 |   39409 |   13743 |  25.9 |      62 |      17 |  21.5
    Snake:3 |   15370 |   37024 |  70.7 |      25 |      59 |  70.2
    Slime:1 |   15592 |       0 |   0.0 |      23 |       0 |   0.0
    Slime:2 |   15955 |       0 |   0.0 |      31 |       0 |   0.0
    Slime:3 |   12281 |       0 |   0.0 |      17 |       0 |   0.0
    Slime:4 |   19363 |       0 |   0.0 |      22 |       0 |   0.0
    Slime:5 |   25193 |   16781 |  40.0 |      29 |      10 |  25.6
        Orc |    2768 |    9648 |  77.7 |      35 |      38 |  52.1
      Elf:1 |   27262 |   20968 |  43.5 |      43 |      32 |  42.7
      Elf:2 |   12629 |   25203 |  66.6 |      18 |      33 |  64.7
      Elf:3 |    4827 |   38754 |  88.9 |      12 |      27 |  69.2
   Vaults:1 |   25815 |   22147 |  46.2 |      39 |      39 |  50.0
   Vaults:2 |   45766 |   11008 |  19.4 |      61 |      13 |  17.6
   Vaults:3 |   44599 |  127831 |  74.1 |      71 |      90 |  55.9
    Crypt:1 |   28571 |   10592 |  27.0 |      36 |       3 |   7.7
    Crypt:2 |   41741 |   46595 |  52.7 |      43 |      49 |  53.3
   Depths:1 |   40492 |    1800 |   4.3 |      46 |       1 |   2.1
   Depths:2 |   26594 |   64649 |  70.9 |      34 |      81 |  70.4
   Depths:3 |   47072 |   37118 |  44.1 |      40 |      16 |  28.6
   Depths:4 |   28693 |   20095 |  41.2 |      23 |       7 |  23.3
   Depths:5 |   49944 |   63505 |  56.0 |      32 |      44 |  57.9
      Zot:1 |   30575 |    6320 |  17.1 |      21 |       2 |   8.7
      Zot:2 |   39134 |       0 |   0.0 |      17 |       0 |   0.0
      Zot:3 |   77762 |   55381 |  41.6 |      47 |      30 |  39.0
      Zot:4 |   54447 |    7091 |  11.5 |      34 |       1 |   2.9
      Zot:5 |   54569 |  207759 |  79.2 |      26 |      47 |  64.4
    Abyss:1 |    1532 |       0 |   0.0 |       3 |       0 |   0.0
    Abyss:2 |   16378 |     552 |   3.3 |      28 |       2 |   6.7
    Abyss:3 |   64409 |    8864 |  12.1 |     120 |      21 |  14.9
    Ossuary |       0 |     291 | 100.0 |       0 |      37 | 100.0
      IceCv |       0 |    8690 | 100.0 |       0 |      29 | 100.0
     WizLab |       0 |   14348 | 100.0 |       0 |      23 | 100.0
            +---------+---------+-------+---------+---------+-------
